 Dungeon Crawl Stone Soup version 0.30-a0-715-gdb4ae3ece1 (webtiles) character file.

Game seed: 11030554843391602271

1057607 wormed the Chief of Staff (level 27, -13/238 HPs)
             Began as a Gnoll Wanderer on Jan 23, 2023.
             Was the Champion of Cheibriados.
             Killed by dispel undead
             ... invoked by a Tzitzimitl
              (38 damage)
             ... on level 7 of Tartarus.
             The game lasted 03:56:41 (103429 turns).

wormed the Chief of Staff (Gnoll Wanderer)        Turns: 103429, Time: 03:56:41

Health: -13/238    AC: 29    Str: 33      XL:     27
Magic:  0/55       EV: 66    Int: 35 (36) God:    Cheibriados [******]
Gold:   12600      SH: 33    Dex: 54      Spells: 23/73 levels left

rFire   + + +      SeeInvis +    w - +8 autumn katana {manifold assault}
rCold   + + +      Faith    .    v - +2 shield of Resistance {rF++ rC++ Will++}
rNeg    + + +      Spirit   +    E - +4 moon troll leather armour {Spirit, Regen++ MP+5}
rPois   ∞          Reflect  +    z - +2 hat {Will+}
rElec   +          Harm     .    h - scarf {repulsion}
rCorr   +          Rampage  .    a - +2 pair of gloves {Str+3}
Will    ++...      Rnd*Tele +    O - +1 pair of boots of the Gate {Will- Dex+8} Stlth *+++++++++
                                 q - amulet "Woocuch" {Reflect rF+ Str-2 Int+5 Dex+9 SH+5}
HPRegen 2.19/turn                G - ring "Ashriatz" {rCorr Dex+4 Slay+3 SInv}
MPRegen 0.34/turn                R - ring of Teguclia {rElec rC+ rCorr EV+5 Dex+4}

@: lich-form, death channelling, studying 3 skills, repel missiles, weak-willed,
very slow
A: draining attack, torment immunity, no potions, fangs 1, strong nose,
distributed training, iridescent scales 1, clumsy 1, teleportitis 1, devolution
1
}: 11/15 runes: barnacled, slimy, silver, golden, abyssal, demonic, glowing,
magical, fiery, dark, gossamer
a: End Transformation, Renounce Religion, Bend Time, Temporal Distortion,
Slouch, Step From Time


You were on level 7 of Tartarus.
You worshipped Cheibriados.
Cheibriados was exalted by your worship.
You were an undead lich.
You visited 15 branches of the dungeon, and saw 65 of its levels.
You visited Pandemonium 1 time, and saw 15 of its levels.
You visited the Abyss 2 times.
You visited 1 bazaar.
You also visited: Trove and Wizlab.

You collected 18459 gold pieces.
You spent 5859 gold pieces at shops.

Inventory:

Hand Weapons
 w - the +8 autumn katana (weapon) {manifold assault}
   (You found it in a treasure trove)

   Manifold Assault: It sometimes launches melee attacks against multiple
   visible enemies.
 Z - the +2 Maxwell's thermic engine {flame, freeze}
   (You found it in a treasure trove)

   It becomes more effective when it hits something.
   This effect fades over time.
Missiles
 F - 13 throwing nets
 S - 12 silver javelins
Armour
 a - a +2 pair of gloves of strength (worn)
 h - a scarf of repulsion (worn)
 v - the +2 shield of Resistance (worn) {rF++ rC++ Will++}
   (You bought it in a shop on level 2 of the Orcish Mines)

   rF:        It greatly protects you from fire.
   rC:        It greatly protects you from cold.
   Will:      It greatly increases your willpower.
 z - a +2 hat of willpower (worn)
 E - the +4 moon troll leather armour (worn) {Spirit, Regen++ MP+5}
   (You found it on level 2 of the Realm of Zot)

   MP:        It affects your magic capacity (+5).
   Regen:     It increases your rate of health regeneration.
 O - the +1 pair of boots of the Gate (worn) {Will- Dex+8}
   (You found it on level 4 of the Lair of Beasts)

   Dex:       It affects your dexterity (+8).
   Will:      It decreases your willpower.
Jewellery
 l - the ring "Jiusmum" {rPois rC+ Dex+3}
   (You took it off a draconian stormcaller on level 2 of the Realm of Zot)

   [ring of poison resistance]

   Dex:       It affects your dexterity (+3).
   rC:        It protects you from cold.
   rPois:     It protects you from poison.
 m - the ring of Udud {Str+6 Slay+5 Stlth-}
   (You found it on level 1 of the Depths)

   [ring of strength]

   Str:       It affects your strength (+6).
   Slay:      It affects your accuracy & damage with ranged weapons and melee
   (+5).
   Stlth:     It makes you less stealthy.
 q - the amulet "Woocuch" (around neck) {Reflect rF+ Str-2 Int+5 Dex+9 SH+5}
   (You found it on level 6 of the Dungeon)

   [amulet of reflection]

   It reflects blocked missile attacks.
   Str:       It affects your strength (-2).
   Int:       It affects your intelligence (+5).
   Dex:       It affects your dexterity (+9).
   rF:        It protects you from fire.
   SH:        It affects your SH (+5).
 G - the ring "Ashriatz" (left hand) {rCorr Dex+4 Slay+3 SInv}
   (You found it on level 5 of the Pits of Slime)

   [ring of see invisible]

   Dex:       It affects your dexterity (+4).
   Slay:      It affects your accuracy & damage with ranged weapons and melee
   (+3).
   SInv:      It lets you see invisible.
   rCorr:     It protects you from acid and corrosion.
 M - the ring of the Mage {Wiz Archmagi}
   (You found it on level 3 of the Tomb of the Ancients)

   [ring of wizardry]

   It improves your spell success rate.
   Archmagi:  It increases the power of your magical spells.
 R - the ring of Teguclia (right hand) {rElec rC+ rCorr EV+5 Dex+4}
   (You took it off an ironbound preserver on level 5 of the Vaults)

   [ring of evasion]

   EV:        It affects your evasion (+5).
   Dex:       It affects your dexterity (+4).
   rC:        It protects you from cold.
   rElec:     It insulates you from electricity.
   rCorr:     It protects you from acid and corrosion.
Wands
 o - a wand of flame (112)
 r - a wand of roots (66)
 t - a wand of mindburst (62)
 A - a wand of light (19)
 L - a wand of polymorph (6)
 N - a wand of digging (23)
 Y - a wand of paralysis (52)
Scrolls
 c - 11 scrolls of blinking
 e - 12 scrolls of magic mapping
 f - 22 scrolls of teleportation
 s - 4 scrolls of brand weapon
 x - 13 scrolls of enchant weapon
 C - 2 scrolls of silence
 D - 13 scrolls of enchant armour
 I - 9 scrolls of poison
 J - a scroll of butterflies
 K - 10 scrolls of fear
 Q - 3 scrolls of torment
 V - 9 scrolls of amnesia
 W - 15 scrolls of fog
Potions
 b - 7 potions of cancellation (quivered)
 d - 8 potions of heal wounds
 g - 40 potions of curing
 i - 12 potions of brilliance
 j - 11 potions of ambrosia
 k - 6 potions of might
 n - 17 potions of flight
 p - 15 potions of attraction
 u - 5 potions of magic
 B - 7 potions of berserk rage
 H - 7 potions of invisibility
 P - 12 potions of lignification
 X - 10 potions of resistance
Miscellaneous
 y - a figurine of a ziggurat


   Skills:
 + Level 24.0 Fighting
 O Level 27 Short Blades
 + Level 24.0 Long Blades
 + Level 23.7 Axes
 + Level 25.3 Maces & Flails
 + Level 23.7 Polearms
 O Level 27 Staves
 + Level 23.7 Ranged Weapons
 + Level 23.7 Throwing
 + Level 23.7 Armour
 + Level 23.7 Dodging
 + Level 23.8 Stealth
 O Level 27 Shields
 + Level 23.7 Unarmed Combat
 + Level 23.7 Spellcasting
 + Level 20.3 Conjurations
 + Level 20.3 Hexes
 + Level 20.3 Summonings
 + Level 20.3 Necromancy
 + Level 20.3 Translocations
 + Level 20.3 Transmutations
 + Level 20.3 Fire Magic
 + Level 20.3 Ice Magic
 + Level 20.3 Air Magic
 + Level 20.3 Earth Magic
 + Level 20.3 Poison Magic
 + Level 25.5 Invocations
 + Level 23.7 Evocations


You had 23 spell levels left.
You knew the following spells:

 Your Spells              Type           Power      Damage    Failure   Level
a - Necromutation         Tmut/Necr      67%        N/A       1%          8
b - Death Channel         Necr           67%        N/A       1%          6
c - Manifold Assault      Tloc           100%       N/A       0%          4
d - Borgnjor's Vile Clut  Necr/Erth      67%        N/A       0%          5
e - Summon Forest         Summ/Tloc      55%        N/A       0%          5
i - Ignition              Fire           55%        3d15      1%          8
k - Blink                 Tloc           100%       N/A       0%          2
m - Maxwell's Capacitive  Air            55%        ∞         1%          8
p - Passage of Golubria   Tloc           100%       N/A       0%          4

Your spell library contained the following spells:

 Spells                   Type           Power      Damage    Failure   Level
 Apportation              Tloc           100%       N/A       0%          1
 Foxfire                  Conj/Fire      100%       2x1d9     0%          1
 Freeze                   Ice            100%       1d10      0%          1
 Kiss of Death            Conj/Necr      100%       2d13      0%          1
 Magic Dart               Conj           100%       1d8       0%          1
 Necrotise                Necr           100%       1d9       0%          1
 Sandblast                Erth           100%       2d20      0%          1
 Shock                    Conj/Air       100%       1d9       0%          1
 Sting                    Tmut/Pois      100%       1d8       0%          1
 Summon Small Mammal      Summ           100%       N/A       0%          1
 Call Imp                 Summ           100%       N/A       0%          2
 Cigotuvi's Dreadful Rot  Necr/Pois/Air  100%       N/A       0%          2
 Ensorcelled Hibernation  Hex/Ice        100%       N/A       0%          2
 Lesser Beckoning         Tloc           100%       N/A       0%          2
 Momentum Strike          Conj/Tloc      100%       3d10      0%          2
 Passwall                 Tmut/Erth      92%        N/A       0%          2
 Poisonous Vapours        Pois/Air       100%       N/A       0%          2
 Scorch                   Fire           100%       2d10      0%          2
 Searing Ray              Conj           100%       2d8       0%          2
 Static Discharge         Conj/Air       100%       2-7/arc   0%          2
 Sublimation of Blood     Necr           100%       N/A       0%          2
 Wereblood                Tmut           100%       N/A       0%          2
 Call Canine Familiar     Summ           100%       N/A       0%          3
 Confusing Touch          Hex            100%       N/A       0%          3
 Dazzling Flash           Conj/Hex       100%       N/A       0%          3
 Frozen Ramparts          Ice            100%       1d16      0%          3
 Gell's Gravitas          Tloc           100%       N/A       0%          3
 Ignite Poison            Fire/Tmut/Pois 100%       N/A       0%          3
 Inner Flame              Hex/Fire       100%       N/A       0%          3
 Kindle Blastsparks       Fire/Tloc/Air  100%       2d18      0%          3
 Mephitic Cloud           Conj/Pois/Air  100%       N/A       0%          3
 Ozocubu's Armour         Ice            100%       N/A       0%          3
 Portal Projectile        Hex/Tloc       100%       N/A       0%          3
 Stone Arrow              Conj/Erth      100%       3d13      0%          3
 Summon Guardian Golem    Hex/Summ       100%       N/A       0%          3
 Swiftness                Air            100%       N/A       0%          3
 Teleport Other           Tloc           100%       N/A       0%          3
 Vampiric Draining        Necr           100%       2d13      0%          3
 Vhi's Electric Charge    Tloc/Air       100%       N/A       0%          3
 Airstrike                Air            55%        2d(8-24)  0%          4
 Anguish                  Hex/Necr       67%        N/A       0%          4
 Animate Armour           Summ/Erth      100%       N/A       0%          4
 Animate Dead             Necr           100%       N/A       0%          4
 Cause Fear               Hex            55%        N/A       0%          4
 Dispel Undead            Necr           100%       3d31      0%          4
 Flame Wave               Conj/Fire      100%       2d21      0%          4
 Fulminant Prism          Conj/Hex       55%        3d25      0%          4
 Ice Form                 Ice/Tmut       100%       N/A       0%          4
 Iskenderun's Mystic Bla  Conj/Tloc      100%       2d19      0%          4
 Leda's Liquefaction      Hex/Erth       55%        N/A       0%          4
 Petrify                  Tmut/Erth      100%       N/A       0%          4
 Sticky Flame             Conj/Fire      100%       2d11      0%          4
 Summon Ice Beast         Ice/Summ       100%       N/A       0%          4
 Summon Lightning Spire   Summ/Air       100%       N/A       0%          4
 Agony                    Necr           100%       N/A       0%          5
 Alistair's Intoxication  Tmut/Pois      74%        N/A       0%          5
 Arcjolt                  Conj/Air       55%        1d65      0%          5
 Blade Hands              Tmut           55%        N/A       0%          5
 Fireball                 Conj/Fire      55%        3d21      0%          5
 Freezing Cloud           Conj/Ice/Air   55%        6-21      0%          5
 Irradiate                Conj/Tmut      55%        3d30      0%          5
 Lee's Rapid Deconstruct  Erth           55%        3d26*     0%          5
 Lightning Bolt           Conj/Air       55%        1d77      0%          5
 Metabolic Englaciation   Hex/Ice        55%        N/A       0%          5
 Silence                  Hex/Air        55%        N/A       0%          5
 Summon Mana Viper        Hex/Summ       100%       N/A       0%          5
 Yara's Violent Unravell  Hex/Tmut       55%        3d21      0%          5
 Conjure Ball Lightning   Conj/Air       55%        3x3d20    1%          6
 Iron Shot                Conj/Erth      55%        9d10      1%          6
 Simulacrum               Ice/Necr       67%        N/A       1%          6
 Starburst                Conj/Fire      55%        6d15      1%          6
 Statue Form              Tmut/Erth      74%        N/A       1%          6
 Summon Cactus Giant      Summ           55%        N/A       1%          6
 Dragon Form              Tmut           55%        N/A       1%          7
 Enfeeble                 Hex            55%        N/A       1%          7
 Haunt                    Necr/Summ      67%        N/A       1%          7
 Malign Gateway           Summ/Tloc      55%        N/A       1%          7
 Ozocubu's Refrigeration  Ice            55%        4d19      1%          7
 Storm Form               Tmut/Air       55%        N/A       1%          7
 Summon Hydra             Summ           55%        N/A       1%          7
 Borgnjor's Revivificati  Necr           67%        N/A       1%          8
 Discord                  Hex            55%        N/A       1%          8
 Disjunction              Tloc           55%        N/A       1%          8
 Lehudib's Crystal Spear  Conj/Erth      55%        10d13     1%          8
 Summon Horrible Things   Summ           55%        N/A       1%          8
 Chain Lightning          Conj/Air       55%        3d74      16%         9
 Death's Door             Necr           67%        N/A       16%         9
 Dragon's Call            Summ           55%        N/A       16%         9
 Fire Storm               Conj/Fire      55%        8d14      16%         9
 Polar Vortex             Ice            55%        N/A       16%         9
 Shatter                  Erth           55%        3d42*     16%         9


Dungeon Overview and Level Annotations

Branches:
Dungeon (15/15)            Temple (1/1) D:4            Lair (5/5) D:9
 Shoals (4/4) Lair:3       Spider (4/4) Lair:3        Slime (5/5) Lair:5
    Orc (2/2) D:12            Elf (3/3) Orc:2        Vaults (5/5) D:13
  Crypt (3/3) Vaults:3       Tomb (3/3) Crypt:3      Depths (4/4) D:15
   Hell (visited)             Dis (0/7) Hell            Geh (0/7) Hell
    Coc (0/7) Hell            Tar (7/7) Hell            Zot (5/5) Depths:4
 WizLab (visited)

Altars:
Ashenzari
Cheibriados
Dithmenos
Elyvilon
Fedhas
Gozag
Hepliaklqana
Kikubaaqudgha
Makhleb
Nemelex Xobeh
Okawaru
Qazlal
Ru
Sif Muna
Trog
Uskayaw
Vehumet
Wu Jian
Xom
Yredelemnul
Zin
The Shining One
Jiyva

Shops:
D:2 [   D:8 =(   D:13 [   Orc:2 [([?   Elf:2 [   Elf:3 !   Shoals:2 !
Shoals:3 *   Vaults:3 !((   Vaults:4 *   Depths:3 :   Depths:4 *!(=

Portals:
Hell: Depths:1 Depths:2 Depths:3 Depths:4
Abyss: Depths:3 Depths:4
Pandemonium: Depths:2 Depths:3
Ziggurat: Depths:4


Innate Abilities, Weirdness & Mutations

You are an undead lich.
Your unarmed attacks are suffused with negative energy.
You are immune to unholy pain and torment.
Your necromantic spells are more powerful.
You cannot drink.
You are immune to poison.
You have very sharp teeth.
Your uncanny sense of smell can sniff out nearby items.
Your experience applies equally to all skills.
You are partially covered in iridescent scales. (AC +2)
You are clumsy. (Dex -2)
You are occasionally teleported next to monsters.
You have hidden genetic defects.


Message History

[the floor.]
You carve the Tzitzimitl like a ham!!!
You slice through the folds of space itself!
You carve the Tzitzimitl like a ham!!! You bite the Tzitzimitl.
The Tzitzimitl is heavily wounded.
You block the Tzitzimitl's attack. x2
You hit the Tzitzimitl.
The Tzitzimitl is heavily wounded.
You hit the Tzitzimitl but do no damage.
The Tzitzimitl is heavily wounded.
You block the Tzitzimitl's attack. x2; The Tzitzimitl completely misses you. x2
You slash the Tzitzimitl!
The Tzitzimitl is heavily wounded.
You hit the Tzitzimitl.
You bite the Tzitzimitl, but do no damage.
The Tzitzimitl is severely wounded.
The Tzitzimitl gestures at you.
You convulse!
You block the Tzitzimitl's attack. The Tzitzimitl completely misses you.
You slice the Tzitzimitl!!
The Tzitzimitl is almost dead.
The Tzitzimitl gestures at you.
You convulse!
The Tzitzimitl gestures at you.
You convulse!
* * * LOW HITPOINT WARNING * * *
You are too injured to fight recklessly!
You are too injured to fight recklessly!
You slice the Tzitzimitl!!
The Tzitzimitl is almost dead.
Casting: Death Channel (safe; 1% risk of failure)
Confirm with . or Enter, or press ? or * to list all spells.
Space folds impossibly around your blade!
You cut the Tzitzimitl into ribbons!!! You miss the Tzitzimitl.
The Tzitzimitl gestures at you.
You convulse!
* * * LOW HITPOINT WARNING * * *
The Tzitzimitl gestures at you.
You convulse!
You die...

~~~~~~~~~~~~~~~~~~~~....(........
~~~~~~~~~~~~~,,.........(..(.....
,,,,,,,,,,,,,,,.........####....#
,,,****,****,*###.....###.'......
,,**,****,,**##.##...##)#.#######
,**,,,**,,,,##...##.##|:#........
,*,,,,,*,,,,#.....#.#.}|###.####.
**,,*,,*,,,,#..#11######..#....##
*,,,*,,......1.#L..#.)(#..####...
*,,,**,.......##...#(#)###...#)#.
**,****#''''##*##.##(#...#...#)##
,,,*,*,.....,,*,#....#.#.#......#
,,,*,*,....,,,*,#....#.#.###.##^.
,,,*,*,...,,,,*,#....#.#...'.#*..
,,,*,**...,,,**,#....#.##.##.^..#
*,**,,*,,,,,,*,,##.#.#..#..##..##
*,*,,,**,,,,**,,,#.#.##.##..*###,


You could see 2 Tzitzimimeh.

Vanquished Creatures
  Cerebov (Pan)
  the Royal Jelly (Slime:5)
  Ignacio (Pan)
  Gloorx Vloq (Pan)
  the Serpent of Hell (Tar:7)
  Lom Lobon (Pan)
  Mnoleg (Pan)
  Tiamat (Zot:3)
  4 dread liches
  11 orbs of fire
  3 pandemonium lords (Pan)
  4 ancient liches
  Mennas (Vaults:4)
  The ghost of Xapeig the Slayer, a legendary GrAr of Okawaru (Zot:2)
  31 royal mummies
  Vv (Zot:3)
  4 Killer Klowns
  Frederick (Vaults:4)
  Saint Roka (Orc:2)
  Margery (Vaults:5)
  A caustic shrike (Depths:3)
  6 curse toes
  Geryon (Hell)
  7 golden dragons
  Jory (Vaults:3)
  16 profane servitors
  Nikola (Spider:2)
  7 bone dragons
  7 Tzitzimimeh (Tar:7)
  2 doom hounds
  A hellephant (Hell)
  Mlioglotl (Spider:2)
  3 electric golems
  Jorgrun (Shoals:2)
  3 Brimstone Fiends (Pan)
  4 Hell Sentinels (Pan)
  A walking crystal tome (Depths:4)
  18 tentacled monstrosities
  4 Ice Fiends (Pan)
  24 Orb Guardians (Zot:5)
  A shard shrike skeleton (Abyss:2)
  9 liches
  18 tainted leviathans
  3 deep elf master archers
  7 quicksilver dragons
  A walking divine tome (Depths:3)
  2 deep elf blademasters (Elf:3)
  11 sphinxes
  Frances (Spider:2)
  15 acid blobs
  11 titans
  15 ancient champions
  Murray (Hell)
  24 Executioners (Pan)
  An eldritch tentacle (Vaults:2)
  7 death cobs
  Kirke (Elf:1)
  6 tengu reavers
  2 krakens
  3 tentacled starspawn
  6 shadow dragons
  10 draconian monks
  8 azure jellies
  Roxanne (Elf:2)
  6 revenants
  A nagaraja (Vaults:3)
  Ilsuiw (Shoals:2)
  15 storm dragons
  Donald (Shoals:1)
  7 demonspawn warmongers (Pan)
  3 fire giants
  7 rockslimes
  3 daevas (Depths:1)
  8 draconian knights
  11 frost giants
  A spectral juggernaut (Tar:2)
  7 draconian scorchers
  4 iron dragons
  7 emperor scorpions
  17 ghost moths
  5 deep elf sorcerers
  9 vault wardens
  Louise (Spider:2)
  8 draconian shifters
  41 balrugs
  5 curse skulls
  3 orc warlords
  A caustic shrike zombie (Tomb:3)
  5 draconian stormcallers
  6 ironbound thunderhulks
  5 angels
  19 ironbound preservers
  8 reapers
  3 war gargoyles
  4 ghouls
  4 deep elf elementalists (Elf:3)
  11 demonspawn blood saints (Pan)
  2 juggernaut skeletons
  38 very ugly things
  A juggernaut zombie (Depths:2)
  33 cacodemons
  10 demonspawn corrupters (Pan)
  15 stone giants
  13 draconian annihilators
  A caustic shrike skeleton (Depths:1)
  4 quicksilver oozes (Slime:5)
  2 broodmothers
  11 vampire knights
  14 green draconians
  8 bennus
  11 deep elf annihilators
  11 deep elf demonologists
  9 putrid mouths
  7 demonspawn black suns (Pan)
  9 lorocyprocas
  12 black draconians
  8 purple draconians
  11 red draconians
  The ghost of Orangeyouglad the Cruncher, a journeyman HuWn of Sif Muna (Lair:4)
  9 eidola
  3 spark wasps
  10 dire elephants
  11 yellow draconians
  9 white draconians
  10 fire dragons
  16 green deaths
  12 deep elf death magi
  28 starcursed masses
  A crystal guardian (Vaults:4)
  27 mummy priests
  9 blizzard demons
  2 merfolk javelineers
  An ettin (shapeshifter) (Vaults:5)
  20 ettins
  7 jiangshi
  4 merfolk impalers
  A quicksilver dragon zombie (Hell)
  35 vault guards
  14 yaktaur captains
  14 great orbs of eyes
  Fannar (D:10)
  2 spectral krakens (Tar:7)
  6 entropy weavers
  A spectral golden dragon (Tar:1)
  5 deep elf high priests
  3 spriggan zombies
  2 hell beasts
  A quicksilver dragon skeleton (Vaults:2)
  7 rakshasas
  2 spriggan air magi
  4 ice dragons
  3 ghost crabs (Vaults:2)
  3 ogre magi
  4 hydras
  A catoblepas (Lair:5)
  4 jorogumos
  12 centaur warriors
  2 peacekeepers (Vaults:4)
  2 satyrs (Shoals:4)
  23 dancing weapons
  2 merfolk avatars
  Erica (Orc:1)
  2 death knights (Crypt:3)
  9 boulder beetles
  An Orb Guardian skeleton (Crypt:1)
  3 alligator snapping turtles
  3 merfolk aquamancers
  40 death scarabs
  3 spriggan skeletons
  A satyr (shapeshifter) (Abyss:3)
  5 two-headed ogres
  7 ironbound frosthearts
  5 tengu warriors
  A titan zombie (Depths:2)
  7 deep troll shamans
  8 death yaks
  2 hell hogs (Hell)
  The ghost of bronco the Destroyer, a journeyman OpCj of Gozag (D:10)
  A spectral storm dragon (Tar:1)
  7 vampire magi
  5 deep troll earth magi
  2 spectral dire elephants
  10 thrashing horrors
  A shock serpent (shapeshifter) (Elf:3)
  An orc high priest (Orc:2)
  20 hell knights
  3 spriggan berserkers (Depths:4)
  17 deep elf knights
  137 sun demons
  Nergalle (D:12)
  31 soul eaters
  A goliath frog (shapeshifter) (Vaults:5)
  3 pharaoh ants
  9 wretched stars
  3 storm dragon skeletons
  A sun moth (Spider:3)
  38 skeletal warriors
  8 shadow wraiths
  33 sixfirhies
  6 cherubim (Depths:1)
  8 iron trolls
  2 spark wasp zombies (Hell)
  A spectral anaconda (Tar:7)
  11 orb spiders
  14 sea snakes
  57 deep trolls
  4 flayed ghosts
  12 shadow demons
  2 anaconda zombies
  A death drake (Abyss:3)
  8 glowing orange brains
  A bunyip skeleton (Pan)
  10 deep elf archers
  Pikel (D:5)
  15 ironbound convokers
  5 steelbarb worms
  A harpy (shapeshifter) (Depths:2)
  An anaconda skeleton (Crypt:3)
  9 wizards
  A spriggan simulacrum (Vaults:2)
  6 lindwurms (Vaults:1)
  28 harpies
  18 phantasmal warriors
  2 sphinx zombies (Hell)
  8 orc knights
  33 deep elf pyromancers
  9 necromancers
  2 tengu zombies
  5 fauns
  55 ugly things
  A tengu skeleton (Vaults:2)
  An iron dragon zombie (Crypt:3)
  A shadow dragon skeleton (Pan)
  28 deep elf zephyrmancers
  4 orc sorcerers
  26 wolf spiders
  7 shining eyes
  A broodmother zombie (Crypt:3)
  4 worldbinders
  29 moths of wrath
  6 manticores
  3 stone giant zombies
  A will-o-the-wisp (Abyss:3)
  5 cyclopes
  11 vault sentinels
  A stone giant skeleton (Tomb:2)
  3 fire giant skeletons
  A naga mage (D:15)
  11 elephants
  2 centaur zombies
  11 rust devils
  3 eyes of devastation
  7 merfolk sirens
  An iron dragon skeleton (Pan)
  An apocalypse crab (Abyss:3)
  A guardian serpent (Abyss:3)
  18 demonic crawlers
  5 black mambas
  A guardian serpent (shapeshifter) (Abyss:3)
  2 water nymphs (Shoals:1)
  A dire elephant skeleton (Pan)
  52 smoke demons
  41 orange demons
  An alligator snapping turtle zombie (Tomb:1)
  3 unseen horrors
  21 yaktaurs
  3 torpor snails
  Psyche (D:10)
  9 cane toads
  An elephant slug zombie (Crypt:2)
  7 hellions
  5 centaur skeletons
  2 gargoyles
  18 efreet
  7 ice devils
  12 komodo dragons
  8 spectral swamp worms (Tar:7)
  A kobold demonologist (D:12)
  2 cane toads (shapeshifter)
  8 ancient zymes
  4 tormentors
  10 freezing wraiths
  3 tengu conjurers
  A purple draconian skeleton (Crypt:1)
  3 red devils
  A polar bear (shapeshifter) (D:13)
  4 trolls
  27 hellwings
  5 polar bears (Lair:5)
  56 guardian mummies
  2 silent spectres
  An unseen horror skeleton (Crypt:2)
  32 merfolk
  A harpy zombie (Tomb:1)
  6 wind drakes
  A tengu simulacrum (Vaults:2)
  7 snapping turtles
  15 raiju
  8 hornets
  A radroach zombie (Crypt:1)
  A great orb of eyes zombie (Crypt:3)
  19 tarantellas
  12 blink frogs
  2 harpy skeletons
  15 dream sheep
  2 ettin zombies
  105 slime creatures
  A jumping spider (shapeshifter) (Elf:1)
  2 ettin skeletons
  13 culicivoras
  A fire dragon skeleton (Pan)
  25 flying skulls
  4 air elementals
  5 wraiths
  38 ynoxinuls
  6 shadows
  21 ushabtiu
  4 vampires (Crypt:3)
  15 spriggans
  2 fire elementals (Elf:2)
  2 hogs (Elf:1)
  15 jumping spiders
  14 water elementals
  32 yaks
  A wind drake zombie (Crypt:1)
  7 basilisks
  7 wyverns
  30 small abominations
  3 black mamba skeletons (Pan)
  3 fire bats (Abyss:3)
  A tyrant leech zombie (Crypt:1)
  19 golden eyes
  32 neqoxecs
  4 steam dragons
  3 vampire mosquitoes (D:13)
  17 chaos spawn
  58 redbacks
  4 wargs
  A harpy simulacrum (Abyss:3)
  A spatial vortex (Vaults:2)
  A glowing shapeshifter zombie (Hell)
  A merfolk zombie (Crypt:2)
  A naga zombie (Crypt:3)
  76 large abominations
  A swamp worm (shapeshifter) (Vaults:5)
  3 acid dragons (D:12)
  10 water moccasins
  A glowing shapeshifter skeleton (Depths:2)
  3 floating eyes
  3 black bears
  41 orc warriors
  3 sky beasts
  An elephant zombie (Crypt:3)
  2 ice beasts
  4 boggarts (Lair:5)
  11 ogres
  28 wolves
  20 centaurs
  A kobold brigand (D:7)
  A lemure (D:5)
  An elf zombie (Crypt:1)
  2 phantoms
  10 bullfrogs
  2 necrophages
  A glowing shapeshifter simulacrum (Vaults:2)
  4 earth elementals
  2 gnoll sergeants
  3 scorpions
  A wyvern skeleton (Crypt:1)
  8 wights
  10 killer bees
  A queen bee zombie (Crypt:2)
  A troll skeleton (Crypt:2)
  A nameless horror (Shoals:4)
  9 howler monkeys
  A quasit (Abyss:2)
  A hound (D:5)
  15 orc priests
  A black bear zombie (Crypt:2)
  2 jellies
  Natasha (twice) (D:2)
  A gnoll bouda (Orc:1)
  3 iron imps (Abyss:3)
  A black bear skeleton (Crypt:2)
  An iguana (D:4)
  17 hell rats
  29 orc wizards
  A boggart skeleton (D:15)
  3 naga skeletons
  51 mummies
  12 gnolls
  6 adders
  A shadow imp (D:7)
  4 white imps
  4 ufetubi
  A worm zombie (Crypt:2)
  2 worms
  5 dart slugs
  108 orcs
  6 ball pythons
  12 endoplasms
  4 giant cockroaches
  11 goblins
  7 hobgoblins
  4 jackals (D:3)
  4 kobolds
  5 quokkas
  2 bats
  3 frilled lizards
  A hobgoblin skeleton (Crypt:3)
  A kobold zombie (Crypt:3)
  2 rats
  A spectral kobold (D:1)
  A block of ice (Pan)
  A butterfly (Lair:1)
  6 fire vortices (Hell)
  A lurking horror (Abyss:2)
  A snaplasher vine (Shoals:4)
  4 starspawn tentacles (Abyss:3)
  8 tentacles
3671 creatures vanquished.

Vanquished Creatures (collateral kills)
  An Ice Fiend (Pan)
  A tentacled monstrosity (Pan)
  A Hell Sentinel (WizLab)
  An Orb Guardian (Zot:5)
  A tainted leviathan (Tar:7)
  2 liches (Pan)
  3 acid blobs (Slime:5)
  A sphinx (Tomb:1)
  2 azure jellies (Slime:5)
  A ghost moth (Pan)
  A demonspawn warmonger (Pan)
  3 balrugs
  A quicksilver ooze (Slime:5)
  4 reapers
  5 cacodemons (Pan)
  5 lorocyprocas
  2 merfolk javelineers (Shoals:4)
  4 green deaths
  A merfolk impaler (Shoals:4)
  A great orb of eyes (Slime:5)
  A vault guard (Vaults:4)
  2 merfolk aquamancers (Shoals:4)
  A dancing weapon (Pan)
  2 satyrs (Shoals:4)
  4 death scarabs (Tomb:1)
  4 hell knights (Hell)
  9 sun demons
  A soul eater (Pan)
  3 sixfirhies (Pan)
  An iron troll (Hell)
  4 shadow wraiths (Pan)
  A wretched star (Abyss:2)
  A shadow demon (Pan)
  2 sea snakes (Shoals:4)
  A slime creature (Slime:5)
  6 harpies
  An ironbound convoker (Vaults:4)
  2 sphinx zombies (Hell)
  A shining eye (Slime:5)
  A faun (Shoals:4)
  A moth of wrath (Zot:2)
  A cyclops (Shoals:4)
  3 manticores (Shoals:4)
  2 demonic crawlers (Pan)
  A merfolk siren (Shoals:3)
  A water nymph (Shoals:3)
  12 smoke demons
  2 spectral swamp worms (Tar:7)
  11 orange demons (Pan)
  3 tormentors (Pan)
  3 centaur skeletons
  An ancient zyme (Abyss:3)
  A guardian mummy (Tomb:1)
  An ice devil (WizLab)
  7 large abominations (Pan)
  8 merfolk
  3 hellwings (Pan)
  An alligator skeleton (Crypt:2)
  3 ynoxinuls
  A fire bat (Abyss:3)
  A chaos spawn (Pan)
  A spatial vortex (Vaults:2)
  4 neqoxecs (Pan)
  A quasit (Abyss:3)
  A mummy (Tomb:1)
  A white imp (Abyss:2)
164 creatures vanquished.

Vanquished Creatures (others)
  3 eldritch tentacles (Pan)
  A cacodemon (Pan)
  Nessos (D:15)
  A lorocyproca (Pan)
  A blizzard demon (Pan)
  2 green deaths (Pan)
  A fire dragon (Depths:3)
  A rakshasa (Pan)
  An ogre mage (Vaults:2)
  3 wizards
  A deep elf pyromancer (Elf:2)
  A moth of wrath (Zot:2)
  A smoke demon (Pan)
  A guardian mummy (Tomb:3)
  A hellwing (Pan)
  A blink frog (Vaults:2)
  A human (Elf:1)
  A ynoxinul (Pan)
  2 neqoxecs (Pan)
  2 small abominations (Abyss:3)
  An ufetubus (Abyss:3)
  2 orcs
  29 ball lightnings (Pan)
  2 creeping infernos (Hell)
  4 demonic plants (Pan)
  2 fire vortices (Hell)
  24 fungi
  2 lurking horrors
  88 plants
  5 snaplasher vines
  8 starspawn tentacles
  15 tentacles
209 creatures vanquished.

Grand Total: 4044 creatures vanquished

Notes
Turn   | Place    | Note
-------+----------+-------------------------------------------
     0 | D:1      | Reached skill level 10 in Maces & Flails
     0 | D:1      | wormed the Gnoll Wanderer began the quest for the Orb.
     0 | D:1      | wormed set off with the following items: a +3 mace, a +0
                  | falchion, a scroll of blinking, a +0 leather armour.
     0 | D:1      | Reached XP level 1. HP: 20/20 MP: 1/1
   108 | D:1      | Reached XP level 2. HP: 26/26 MP: 2/2
   170 | D:1      | Found a faded altar of an unknown god.
   344 | D:1      | Reached XP level 3. HP: 31/31 MP: 3/3
   579 | D:2      | Found Vodeav's Antique Armour Shoppe.
   615 | D:2      | Reached skill level 1 in Invocations
   733 | D:2      | Noticed Natasha
   742 | D:2      | Killed Natasha
   743 | D:2      | Reached skill level 1 in Short Blades
   743 | D:2      | Reached skill level 1 in Axes
   743 | D:2      | Reached skill level 1 in Polearms
   743 | D:2      | Reached skill level 1 in Staves
   743 | D:2      | Reached skill level 1 in Ranged Weapons
   743 | D:2      | Reached skill level 1 in Throwing
   743 | D:2      | Reached skill level 1 in Armour
   743 | D:2      | Reached skill level 1 in Dodging
   743 | D:2      | Reached skill level 1 in Shields
   743 | D:2      | Reached skill level 1 in Unarmed Combat
   743 | D:2      | Reached skill level 1 in Spellcasting
   743 | D:2      | Reached skill level 1 in Evocations
   743 | D:2      | Reached XP level 4. HP: 37/38 MP: 5/5
   767 | D:2      | Noticed Natasha
   777 | D:2      | Killed Natasha
   778 | D:2      | Reached skill level 1 in Conjurations
   778 | D:2      | Reached skill level 1 in Hexes
   778 | D:2      | Reached skill level 1 in Summonings
   778 | D:2      | Reached skill level 1 in Necromancy
   778 | D:2      | Reached skill level 1 in Translocations
   778 | D:2      | Reached skill level 1 in Transmutations
   778 | D:2      | Reached skill level 1 in Fire Magic
   778 | D:2      | Reached skill level 1 in Ice Magic
   778 | D:2      | Reached skill level 1 in Air Magic
   778 | D:2      | Reached skill level 1 in Earth Magic
   778 | D:2      | Reached skill level 1 in Poison Magic
  1144 | D:3      | Reached XP level 5. HP: 34/43 MP: 7/7
  1774 | D:3      | Reached XP level 6. HP: 47/50 MP: 8/8
  2102 | D:4      | Reached skill level 5 in Fighting
  2102 | D:4      | Reached skill level 5 in Long Blades
  2352 | D:4      | Found a staircase to the Ecumenical Temple.
  2361 | Temple   | Entered the Ecumenical Temple
  2381 | Temple   | Became a worshipper of Cheibriados the Contemplative
  2578 | D:4      | Reached XP level 7. HP: 54/56 MP: 10/10
  2760 | D:4      | Reached * piety under Cheibriados
  3207 | D:5      | Entered Level 5 of the Dungeon
  3316 | D:5      | Found a shimmering blue altar of Sif Muna.
  3399 | D:5      | Noticed Pikel
  3426 | D:5      | Killed Pikel
  3427 | D:5      | Reached XP level 8. HP: 14/64 MP: 10/12
  4296 | D:6      | Learned a level 5 spell: Freezing Cloud
  4372 | D:6      | Identified the amulet "Woocuch" {Reflect rF+ Str-2 Int+5
                  | Dex+9 SH+5}
  4450 | D:6      | Found an ancient bone altar of Kikubaaqudgha.
  4452 | D:6      | Found an opulent altar of Gozag.
  4466 | D:6      | Found a hide-covered altar of Uskayaw.
  4480 | D:6      | Found a hazy altar of Hepliaklqana.
  4482 | D:6      | Found a blossoming altar of Fedhas.
  4484 | D:6      | Found a burning altar of Makhleb.
  4694 | D:6      | Reached XP level 9. HP: 47/69 MP: 14/14
  4699 | D:6      | Reached ** piety under Cheibriados
  4963 | D:6      | Reached skill level 5 in Stealth
  5254 | D:7      | Reached skill level 5 in Invocations
  5729 | D:7      | Reached skill level 5 in Short Blades
  5729 | D:7      | Reached skill level 5 in Axes
  5729 | D:7      | Reached skill level 5 in Polearms
  5729 | D:7      | Reached skill level 5 in Staves
  5729 | D:7      | Reached skill level 5 in Ranged Weapons
  5729 | D:7      | Reached skill level 5 in Throwing
  5729 | D:7      | Reached skill level 5 in Armour
  5729 | D:7      | Reached skill level 5 in Dodging
  5729 | D:7      | Reached skill level 5 in Shields
  5729 | D:7      | Reached skill level 5 in Unarmed Combat
  5729 | D:7      | Reached skill level 5 in Spellcasting
  5729 | D:7      | Reached skill level 5 in Evocations
  5736 | D:7      | Reached XP level 10. HP: 41/77 MP: 17/17
  5756 | D:7      | Reached *** piety under Cheibriados
  5925 | D:8      | Found Ruoficvi's Weapon Boutique.
  6343 | D:8      | Found Xoduypt's Jewellery Shoppe.
  7249 | D:9      | Reached **** piety under Cheibriados
  7934 | D:9      | Reached skill level 5 in Conjurations
  7934 | D:9      | Reached skill level 5 in Hexes
  7934 | D:9      | Reached skill level 5 in Summonings
  7934 | D:9      | Reached skill level 5 in Necromancy
  7934 | D:9      | Reached skill level 5 in Translocations
  7934 | D:9      | Reached skill level 5 in Transmutations
  7934 | D:9      | Reached skill level 5 in Fire Magic
  7934 | D:9      | Reached skill level 5 in Ice Magic
  7934 | D:9      | Reached skill level 5 in Air Magic
  7934 | D:9      | Reached skill level 5 in Earth Magic
  7934 | D:9      | Reached skill level 5 in Poison Magic
  7934 | D:9      | Reached XP level 11. HP: 75/85 MP: 20/20
  7994 | D:9      | Found a staircase to the Lair.
  8100 | D:10     | Entered Level 10 of the Dungeon
  8117 | D:10     | Found a runed translucent gate.
  8117 | D:10     | Found a runed translucent gate.
  8117 | D:10     | Found a runed translucent gate.
  8117 | D:10     | Noticed Fannar
  8132 | D:10     | Noticed Psyche
  8165 | D:10     | Killed Psyche
  8332 | D:10     | Noticed bronco's ghost (journeyman OpCj)
  8991 | Lair:1   | Entered Level 1 of the Lair of Beasts
  9246 | Lair:1   | Reached ***** piety under Cheibriados
 11055 | Lair:2   | Noticed a six-headed hydra
 11059 | Lair:2   | Killed a six-headed hydra
 11202 | Lair:2   | Reached XP level 12. HP: 95/95 MP: 21/23
 11231 | Lair:3   | Found a staircase to the Shoals.
 11545 | Lair:3   | Reached XP level 13. HP: 91/101 MP: 9/24
 11815 | Lair:3   | Found a hole to the Spider Nest.
 12889 | Lair:4   | Found a transporter.
 12912 | Lair:4   | Noticed Orangeyouglad's ghost (journeyman HuWn)
 13033 | Lair:4   | Found a transporter.
 13402 | Lair:4   | Identified the +1 flail of Xenn {chaos, Fly rF- rN++ Str+2}
 13683 | Lair:5   | Entered Level 5 of the Lair of Beasts
 14085 | Lair:5   | Reached skill level 10 in Fighting
 14085 | Lair:5   | Reached skill level 10 in Long Blades
 14430 | Lair:5   | Reached ****** piety under Cheibriados
 14431 | Lair:5   | Reached XP level 14. HP: 110/110 MP: 18/26
 14749 | Lair:5   | Learned a level 5 spell: Borgnjor's Vile Clutch
 14979 | Lair:5   | Reached skill level 10 in Invocations
 16485 | Lair:5   | Found a runed translucent door.
 16488 | Lair:5   | Found a viscous altar of Jiyva.
 16489 | Lair:5   | Found a staircase to the Slime Pits.
 16859 | Lair:4   | Killed Orangeyouglad's ghost
 17098 | Lair:4   | Identified the +1 pair of boots of the Gate {Will- Dex+8}
 17437 | Lair:3   | Identified a scroll of acquirement
 17437 | Lair:3   | Acquired the ring "Ina Fymec" {rElec Will+ Str+2}
 17933 | D:10     | Killed Fannar
 18447 | D:11     | Reached skill level 10 in Stealth
 19401 | D:12     | Found a staircase to the Orcish Mines.
 19405 | D:12     | Noticed Nergalle
 19417 | D:12     | Killed Nergalle
 20103 | Orc:1    | Entered Level 1 of the Orcish Mines
 20197 | Orc:1    | Reached XP level 15. HP: 117/117 MP: 18/28
 20221 | Orc:1    | Noticed Erica
 20228 | Orc:1    | Killed Erica
 20332 | Orc:1    | Reached skill level 10 in Short Blades
 20332 | Orc:1    | Reached skill level 10 in Axes
 20332 | Orc:1    | Reached skill level 10 in Polearms
 20332 | Orc:1    | Reached skill level 10 in Staves
 20332 | Orc:1    | Reached skill level 10 in Ranged Weapons
 20332 | Orc:1    | Reached skill level 10 in Throwing
 20332 | Orc:1    | Reached skill level 10 in Armour
 20332 | Orc:1    | Reached skill level 10 in Dodging
 20332 | Orc:1    | Reached skill level 10 in Shields
 20332 | Orc:1    | Reached skill level 10 in Unarmed Combat
 20332 | Orc:1    | Reached skill level 10 in Spellcasting
 20332 | Orc:1    | Reached skill level 10 in Evocations
 20744 | Orc:2    | Entered Level 2 of the Orcish Mines
 20972 | Orc:2    | Found Silon's Magic Scroll Emporium.
 21168 | Orc:2    | Noticed an orc warlord
 21211 | Orc:2    | Killed an orc warlord
 21212 | Orc:2    | Found Omit's Antique Weapon Emporium.
 21400 | Orc:2    | Found Geequfewn's Antique Armour Shoppe.
 21419 | Orc:2    | Bought a runed scarf for 320 gold pieces
 21460 | Orc:2    | Found a staircase to the Elven Halls.
 21840 | Orc:2    | Found Esaismoq's Armour Shoppe.
 21858 | Orc:2    | Bought the +2 shield of Resistance {rF++ rC++ Will++} for
                  | 846 gold pieces
 21858 | Orc:2    | Found the +2 shield of Resistance {rF++ rC++ Will++}
 21887 | Orc:2    | Noticed Saint Roka
 22838 | D:13     | Found a broken altar of Ashenzari.
 23102 | D:13     | Found Miuphexo's Armour Boutique.
 23230 | D:13     | Found a gate to the Vaults.
 23367 | D:13     | Identified the ring "Haal" {rElec rC+ SInv}
 23386 | D:13     | You fall into a shaft and drop 2 floors!
 23386 | D:15     | Entered Level 15 of the Dungeon
 24754 | D:15     | Reached XP level 16. HP: 127/127 MP: 28/30
 24972 | D:15     | Found an iron altar of Okawaru.
 25513 | D:15     | Noticed Nessos
 25519 | D:15     | Killed Nessos
 25792 | D:15     | Found a staircase to the Depths.
 25952 | D:10     | Killed bronco's ghost
 25953 | D:10     | Reached skill level 15 in Maces & Flails
 26398 | Spider:1 | Entered Level 1 of the Spider Nest
 28656 | Spider:2 | Noticed Nikola
 28668 | Spider:2 | Killed Nikola
 29115 | Spider:2 | Noticed Frances
 29121 | Spider:2 | Killed Frances
 29266 | Spider:2 | Noticed Louise
 29280 | Spider:2 | Killed Louise
 30044 | Spider:2 | Noticed Mlioglotl
 30057 | Spider:2 | Killed Mlioglotl
 30058 | Spider:2 | Reached XP level 17. HP: 128/135 MP: 14/32
 30869 | Spider:3 | Reached skill level 10 in Conjurations
 30869 | Spider:3 | Reached skill level 10 in Hexes
 30869 | Spider:3 | Reached skill level 10 in Summonings
 30869 | Spider:3 | Reached skill level 10 in Necromancy
 30869 | Spider:3 | Reached skill level 10 in Translocations
 30869 | Spider:3 | Reached skill level 10 in Transmutations
 30869 | Spider:3 | Reached skill level 10 in Fire Magic
 30869 | Spider:3 | Reached skill level 10 in Ice Magic
 30869 | Spider:3 | Reached skill level 10 in Air Magic
 30869 | Spider:3 | Reached skill level 10 in Earth Magic
 30869 | Spider:3 | Reached skill level 10 in Poison Magic
 31573 | Spider:4 | Entered Level 4 of the Spider Nest
 33926 | Spider:4 | Got a gossamer rune of Zot
 34269 | Shoals:1 | Entered Level 1 of the Shoals
 34291 | Shoals:1 | Noticed Donald
 34298 | Shoals:1 | Killed Donald
 35006 | Shoals:1 | Reached XP level 18. HP: 143/143 MP: 34/34
 35202 | Shoals:2 | Noticed Jorgrun
 35211 | Shoals:2 | Killed Jorgrun
 35520 | Shoals:2 | Noticed Ilsuiw
 35541 | Shoals:2 | Killed Ilsuiw
 35676 | Shoals:2 | Found Egahuz's Distillery.
 36171 | Shoals:3 | Found a transporter.
 36188 | Shoals:3 | HP: 1/143 [wind drake/the air (9)]
 36585 | Shoals:3 | Found a transporter.
 36586 | Shoals:3 | Found a transporter.
 36679 | Shoals:3 | Found Zeumine's General Store.
 36908 | Shoals:3 | Found a transporter.
 36920 | Shoals:3 | Learned a level 5 spell: Summon Forest
 36927 | Shoals:3 | Learned a level 6 spell: Summon Cactus Giant
 36933 | Shoals:3 | Learned a level 5 spell: Summon Mana Viper
 37467 | Shoals:3 | Found a transporter.
 37468 | Shoals:3 | Found a transporter.
 37597 | Shoals:4 | Entered Level 4 of the Shoals
 38238 | Shoals:4 | Identified the +1 plate armour of the Eternal Fruit
                  | {Regen+}
 38638 | Shoals:4 | Got a barnacled rune of Zot
 39211 | Shoals:4 | Identified the amulet "Hepsybb" {Reflect rElec Int+4 SH+5}
 39281 | Shoals:4 | Got the Incunabulum of Congelation
 39663 | Vaults:1 | Entered Level 1 of the Vaults
 39795 | Vaults:1 | Reached XP level 19. HP: 149/151 MP: 20/36
 40630 | Vaults:1 | Got the Almanac of Hexing and Allies
 41631 | Vaults:2 | Identified the +12 spear of Circular Logic {freeze, rElec
                  | Dex+5}
 41720 | Vaults:2 | Got the Reference Book on Metal
 41974 | Vaults:2 | You fall into a shaft and drop 2 floors!
 42323 | Vaults:3 | Found Guzxyzy's Distillery.
 42360 | Vaults:3 | Found Sairy's Antique Weapon Boutique.
 42418 | Vaults:3 | Found a magical portal.
 42423 | WizLab   | Entered Doroklohe's Tomb
 42564 | WizLab   | Noticed a Hell Sentinel
 42581 | WizLab   | Killed a Hell Sentinel
 43249 | Vaults:3 | Acquired the +0 chain mail "Fureak" {Int+7 Dex+5}
 43250 | Vaults:3 | Acquired 714 gold pieces
 43289 | Vaults:3 | Found Pupidi's Weapon Emporium.
 43297 | Vaults:3 | Reached skill level 15 in Invocations
 43565 | Vaults:3 | Reached XP level 20. HP: 160/160 MP: 37/37
 43779 | Vaults:3 | Noticed a golden dragon
 43802 | Vaults:3 | Killed a golden dragon
 44246 | Vaults:3 | Identified the +9 dagger of the Bespelling Badger {freeze,
                  | rPois Int+3}
 44418 | Vaults:3 | Identified the +6 arbalest of Earthquakes {drain, rElec
                  | rF+}
 44811 | Vaults:3 | Found a staircase to the Crypt.
 44979 | Vaults:3 | Noticed Jory
 45001 | Vaults:3 | Killed Jory
 45137 | Vaults:3 | Found a portal to a secret trove of treasure.
 45883 | Vaults:3 | You paid a toll of a +6 demon whip to enter a treasure
                  | trove
 45884 | Trove    | Entered a treasure trove
 45886 | Trove    | Found the +2 Maxwell's thermic engine {flame, freeze}
 45888 | Trove    | Found the +12 glaive of Prune {freeze, Prune}
 45888 | Trove    | Found the +8 autumn katana {manifold assault}
 46104 | Vaults:2 | Reached skill level 15 in Fighting
 46104 | Vaults:2 | Reached skill level 15 in Long Blades
 46502 | Vaults:2 | Identified the +2 scale mail "Fydiheq" {Harm rPois}
 46504 | Vaults:2 | Found the +6 arbalest "Damnation" {damnation}
 46510 | Vaults:2 | Identified the +1 arbalest of Wu Jian {drain, Int+3 Dex-3}
 46688 | Vaults:2 | Noticed a bone dragon
 46708 | Vaults:2 | Killed a bone dragon
 46945 | Vaults:2 | Got the Excursus on Shadows
 47040 | Vaults:2 | Reached XP level 21. HP: 168/168 MP: 39/39
 47313 | Vaults:2 | Got Tocon's Volume of Relocation
 47320 | Vaults:2 | Learned a level 4 spell: Manifold Assault
 47323 | Vaults:2 | Learned a level 2 spell: Blink
 47330 | Vaults:2 | Learned a level 6 spell: Statue Form
 47624 | Elf:1    | Entered Level 1 of the Elven Halls
 47629 | Elf:1    | Noticed Kirke
 47639 | Elf:1    | Killed Kirke
 47696 | Elf:1    | Found a flickering gateway to a bazaar.
 47705 | Bazaar   | Entered a bazaar
 47709 | Bazaar   | Found Tuppabb's Armour Boutique.
 47731 | Bazaar   | Found Deuw's Antique Armour Emporium.
 47752 | Bazaar   | Found Suah's Book Boutique.
 47757 | Bazaar   | Bought a book of Blood for 336 gold pieces
 47757 | Bazaar   | Bought a book of the Moon for 480 gold pieces
 47772 | Bazaar   | Found Wuvymno's Weapon Shoppe.
 47796 | Bazaar   | Learned a level 4 spell: Passage of Golubria
 47799 | Bazaar   | Learned a level 2 spell: Wereblood
 48225 | Elf:1    | Acquired 736 gold pieces
 48363 | Elf:1    | Reached skill level 15 in Stealth
 48682 | Elf:2    | Identified Roxanne's Catalogue of Metamorphosis
 48682 | Elf:2    | Noticed Roxanne
 48782 | Elf:2    | Killed Roxanne
 48818 | Elf:2    | Found Mijuda's Armour Shoppe.
 49162 | Elf:2    | Reached skill level 15 in Short Blades
 49162 | Elf:2    | Reached skill level 15 in Axes
 49162 | Elf:2    | Reached skill level 15 in Polearms
 49162 | Elf:2    | Reached skill level 15 in Staves
 49162 | Elf:2    | Reached skill level 15 in Ranged Weapons
 49162 | Elf:2    | Reached skill level 15 in Throwing
 49162 | Elf:2    | Reached skill level 15 in Armour
 49162 | Elf:2    | Reached skill level 15 in Dodging
 49162 | Elf:2    | Reached skill level 15 in Shields
 49162 | Elf:2    | Reached skill level 15 in Unarmed Combat
 49162 | Elf:2    | Reached skill level 15 in Spellcasting
 49162 | Elf:2    | Reached skill level 15 in Evocations
 49379 | Elf:2    | Identified the +10 longbow of Ashenzari's Grace {heavy, rF+
                  | rC- Dex+3}
 49399 | Elf:2    | Bought a +2 hat of willpower for 294 gold pieces
 49474 | Elf:3    | Entered Level 3 of the Elven Halls
 49493 | Elf:3    | Found Raoschex's Distillery.
 49631 | Elf:3    | Paralysed by an air elemental for 1 turns
 49673 | Elf:3    | Identified the ring of the Slashing Gods {Contam rPois
                  | rC+++ rN++ AC+4}
 49708 | Elf:3    | Identified the +7 flail of Red Wine {freeze, Fly rF+++ rC+
                  | Will-}
 50067 | Elf:3    | Identified the ring "Iruos" {Contam rC+ Str+3 Int-2 Dex+8}
 50104 | Elf:3    | Reached XP level 22. HP: 149/177 MP: 29/41
 50184 | Elf:3    | Identified the +9 halberd of the Eternal Warrior {flame,
                  | rC+ Will+ Int-4 SInv}
 50216 | Elf:3    | Identified the ring of Midsummer {Str-5 Int+6 Dex+8}
 50436 | Elf:3    | Got Erheummo's Precepts of Summoning and Ouranomancy
 50724 | Elf:3    | Identified the amulet "Anonolac" {Faith *Corrode Dex+6}
 51045 | Elf:3    | Identified the +0 ring mail "Guhept" {rCorr Str+3 Int+2}
 51523 | Elf:3    | Learned a level 8 spell: Necromutation
 51531 | Elf:3    | Learned a level 6 spell: Death Channel
 51594 | Orc:2    | Bought a scroll of amnesia for 48 gold pieces
 51594 | Orc:2    | Bought a scroll of amnesia for 48 gold pieces
 52954 | Vaults:4 | Noticed Mennas
 52974 | Vaults:4 | Killed Mennas
 53251 | Vaults:4 | Identified the +4 helmet "Cirozoum" {Rampage rC++ rCorr
                  | Int-2}
 53284 | Vaults:4 | Found Vaesiv's Assorted Antiques.
 53372 | Vaults:4 | Noticed Frederick
 53383 | Vaults:4 | Killed Frederick
 53520 | Vaults:4 | Identified the ring "Bischatha" {rF+++ Int+6 Dex-2 SInv
                  | Stlth+}
 53803 | Vaults:5 | Entered Level 5 of the Vaults
 53822 | Vaults:5 | Reached XP level 23. HP: 79/185 MP: 8/42
 54356 | Vaults:5 | Noticed an ancient lich
 54370 | Vaults:5 | Killed an ancient lich
 54882 | Vaults:5 | Noticed a golden dragon
 54896 | Vaults:5 | Killed a golden dragon
 55134 | Vaults:5 | Noticed Margery
 55145 | Vaults:5 | Killed Margery
 56327 | Vaults:5 | Identified the +4 double sword of the Apocalypse {spect,
                  | rC+ rCorr}
 56327 | Vaults:5 | Identified the ring of Teguclia {rElec rC+ rCorr EV+5
                  | Dex+4}
 56354 | Vaults:5 | Identified the ring "Zocaes" {rPois rC- rN+++ Int+2 SInv}
 56645 | Vaults:5 | Identified the +0 chain mail "Iklese" {rElec rF+}
 56647 | Vaults:5 | Identified the +0 leather armour "Osiusyev" {Dex+4 Slay-4}
 56648 | Vaults:5 | Identified the ring "Qodunuse" {Fly rN+}
 56658 | Vaults:5 | Identified the +2 dagger "Zuroen Pusch" {protect, Str+4}
 56835 | Vaults:5 | Got a silver rune of Zot
 56839 | Vaults:5 | Identified the ring "Qeps" {rF- rN+ Str+6 Dex+3 Slay+2}
 57230 | Depths:1 | Entered Level 1 of the Depths
 57324 | Depths:1 | Found a radiant altar of Vehumet.
 57328 | Depths:1 | Paralysed by a floating eye for 2 turns
 57832 | Depths:1 | Reached XP level 24. HP: 182/195 MP: 39/43
 57907 | Depths:1 | Found a gateway to Hell.
 57916 | Depths:1 | Gained mutation: You are partially covered in iridescent
                  | scales. (AC +2) [a shining eye]
 58256 | Depths:1 | Found a glowing silver altar of Zin.
 58865 | Depths:1 | Identified the ring of Udud {Str+6 Slay+5 Stlth-}
 58869 | Depths:1 | Acquired the ring "Tequxos" {rPois Will+ Int+6}
 58870 | Depths:1 | Acquired 1141 gold pieces
 59813 | Depths:2 | Found a one-way gate leading to the halls of Pandemonium.
 60647 | Depths:3 | Noticed a caustic shrike
 60659 | Depths:3 | Killed a caustic shrike
 61029 | Depths:3 | Identified the +4 shortbow "Cextiyzxe" {speed, rF+ Dex+3}
 61029 | Depths:3 | Identified the +5 shortbow "Newtbane" {flame, rC+ rCorr
                  | Int+2}
 61030 | Depths:3 | Got the Lectures on Dusty Inhalation
 61388 | Depths:3 | Found the +27 heavy crossbow "Sniper" {heavy, Acc+∞ SInv}
 61420 | Depths:3 | Found Ughaulicyd's Book Shoppe.
 61425 | Depths:3 | Bought a manual of Shields for 880 gold pieces
 61518 | Depths:3 | You fall into a shaft and drop 1 floor!
 61518 | Depths:4 | Entered Level 4 of the Depths
 61793 | Depths:4 | Found Mamp's Jewellery Shoppe.
 61800 | Depths:4 | Found Axto's Weapon Shoppe.
 61800 | Depths:4 | Found Wiceywk's Distillery.
 61814 | Depths:4 | Found Wiufo's General Store.
 62115 | Depths:4 | Reached XP level 25. HP: 174/203 MP: 32/44
 62273 | Depths:4 | Found a gate to the Realm of Zot.
 62756 | Depths:4 | Found a one-way gateway to a ziggurat.
 62835 | Depths:4 | Found a one-way gate to the infinite horrors of the Abyss.
 63629 | Vaults:3 | Identified the +7 short sword of Tension {antimagic, rElec}
 64318 | Slime:1  | Entered Level 1 of the Pits of Slime
 65338 | Slime:2  | Gained mutation: You are clumsy. (Dex -2) [a shining eye]
 66247 | Slime:5  | Entered Level 5 of the Pits of Slime
 66320 | Slime:5  | Noticed the Royal Jelly
 66331 | Slime:5  | Killed the Royal Jelly
 66332 | Slime:5  | Reached skill level 15 in Conjurations
 66332 | Slime:5  | Reached skill level 15 in Hexes
 66332 | Slime:5  | Reached skill level 15 in Summonings
 66332 | Slime:5  | Reached skill level 15 in Necromancy
 66332 | Slime:5  | Reached skill level 15 in Translocations
 66332 | Slime:5  | Reached skill level 15 in Transmutations
 66332 | Slime:5  | Reached skill level 15 in Fire Magic
 66332 | Slime:5  | Reached skill level 15 in Ice Magic
 66332 | Slime:5  | Reached skill level 15 in Air Magic
 66332 | Slime:5  | Reached skill level 15 in Earth Magic
 66332 | Slime:5  | Reached skill level 15 in Poison Magic
 66486 | Slime:5  | Gained mutation: You are weak. (Str -2) [a shining eye]
 66731 | Slime:5  | Got a slimy rune of Zot
 66772 | Slime:5  | Identified the ring "Ashriatz" {rCorr Dex+4 Slay+3 SInv}
 66809 | Slime:5  | Identified the ring of Rehen {rC+ rN+ Int+6 Dex+3}
 66815 | Slime:5  | Identified the amulet "Cafa Aci" {Faith Regen+ Str+2 SInv}
 66817 | Slime:5  | Acquired 978 gold pieces
 66825 | Slime:5  | Identified the +8 chain mail "Seudo" {rF+ Str+2 Dex+3}
 66835 | Slime:5  | Identified the +5 scale mail "Goemas" {Str+3 Stlth+}
 66836 | Slime:5  | Identified the +5 spear "Pytsiam" {elec, Will+ Dex+4 SInv}
 67478 | D:15     | Lost mutation: You are partially covered in iridescent
                  | scales. (AC +2) [potion of mutation]
 67478 | D:15     | Lost mutation: You are clumsy. (Dex -2) [potion of
                  | mutation]
 67478 | D:15     | Gained mutation: Your spells are a little harder to cast,
                  | but a little more powerful. [potion of mutation]
 67478 | D:15     | Gained mutation: You are robust. (+10% HP) [potion of
                  | mutation]
 67479 | D:15     | Lost mutation: Your spells are a little harder to cast, but
                  | a little more powerful. [potion of mutation]
 67479 | D:15     | Lost mutation: You are robust. (+10% HP) [potion of
                  | mutation]
 67479 | D:15     | Lost mutation: You are weak. (Str -2) [potion of mutation]
 67479 | D:15     | Gained mutation: You passively dampen the noise of your
                  | surroundings. [potion of mutation]
 67479 | D:15     | Gained mutation: Your system is resistant to poisons.
                  | (rPois) [potion of mutation]
 67479 | D:15     | Gained mutation: You are agile. (Dex +4, Str/Int -1)
                  | [potion of mutation]
 67479 | D:15     | Gained mutation: You have an increased reservoir of magic.
                  | (+10% MP) [potion of mutation]
 67756 | Orc:2    | Killed Saint Roka
 67936 | Orc:2    | Found a staircase to the Elven Halls.
 68206 | Orc:2    | Found Esaismoq's Armour Shoppe.
 68254 | Orc:2    | Found Geequfewn's Antique Armour Shoppe.
 68258 | Orc:2    | Found Omit's Antique Weapon Emporium.
 68294 | Orc:2    | Found Silon's Magic Scroll Emporium.
 68560 | Zot:1    | Entered Level 1 of the Realm of Zot
 69343 | Zot:1    | Reached XP level 26. HP: 191/213 MP: 22/49
 69765 | Zot:2    | Found the +4 moon troll leather armour {Spirit, Regen++
                  | MP+5}
 69989 | Zot:2    | Identified the +4 scale mail "Fewemm" {Dex+2 Stlth+}
 70183 | Zot:2    | Found a runed translucent gate.
 70183 | Zot:2    | Found a runed translucent gate.
 70186 | Zot:2    | Found a runed translucent gate.
 70188 | Zot:2    | Noticed Xapeig's ghost (legendary GrAr)
 70353 | Zot:2    | Noticed a Killer Klown
 70505 | Zot:2    | Identified the ring "Jiusmum" {rPois rC+ Dex+3}
 70542 | Zot:3    | Noticed Vv
 70721 | Zot:3    | Found the +4 dragonskin cloak
 70721 | Zot:3    | Noticed Tiamat
 70962 | Zot:3    | Killed Vv
 71206 | Zot:3    | Killed Tiamat
 71362 | Zot:3    | Identified the +1 leather armour "Vibickel" {rPois Will++}
 71986 | Zot:4    | Noticed an orb of fire
 71987 | Zot:4    | Gained mutation: Your spells are a little easier to cast,
                  | but a little less powerful. [an orb of fire]
 71991 | Zot:4    | Killed an orb of fire
 73161 | Zot:5    | Entered Level 5 of the Realm of Zot
 73423 | Zot:5    | Noticed a dread lich
 73424 | Zot:5    | Gained mutation: You are dopey. (Int -2) [mutagenic glow]
 73425 | Zot:5    | Noticed an ancient lich
 73428 | Zot:5    | Noticed an orb of fire
 73430 | Zot:5    | Noticed an orb of fire
 73431 | Zot:5    | Noticed an orb of fire
 73432 | Zot:5    | Noticed an orb of fire
 73433 | Zot:5    | Noticed an orb of fire
 73435 | Zot:5    | Noticed an orb of fire
 73437 | Zot:5    | Noticed a Killer Klown
 73623 | Zot:5    | Reached XP level 27. HP: 220/221 MP: 35/50
 73628 | Zot:5    | Killed an orb of fire
 73636 | Zot:5    | Killed a dread lich
 73643 | Zot:5    | Killed an orb of fire
 73667 | Zot:5    | Killed an orb of fire
 73700 | Zot:5    | Gained mutation: Your body sometimes deteriorates upon
                  | taking damage. [an orb of fire]
 73701 | Zot:5    | Killed an orb of fire
 73704 | Zot:5    | Killed an ancient lich
 73967 | Zot:5    | Killed an orb of fire
 73972 | Zot:5    | Killed an orb of fire
 74230 | Zot:5    | Noticed an orb of fire
 74248 | Zot:5    | Killed an orb of fire
 74442 | Zot:5    | Noticed an orb of fire
 74458 | Zot:5    | Killed an orb of fire
 74461 | Zot:5    | Noticed an orb of fire
 74461 | Zot:5    | Noticed an orb of fire
 74474 | Zot:5    | Killed an orb of fire
 74481 | Zot:5    | Killed an orb of fire
 74564 | Zot:5    | Noticed a dread lich
 74564 | Zot:5    | Noticed a dread lich
 74587 | Zot:5    | Killed a dread lich
 74592 | Zot:5    | Killed a dread lich
 75569 | Zot:5    | Lost mutation: Your body sometimes deteriorates upon taking
                  | damage. [potion of mutation]
 75569 | Zot:5    | Lost mutation: You passively dampen the noise of your
                  | surroundings. [potion of mutation]
 75569 | Zot:5    | Lost mutation: Your spells are a little easier to cast, but
                  | a little less powerful. [potion of mutation]
 75569 | Zot:5    | Gained mutation: Your body sometimes deteriorates upon
                  | taking damage. [potion of mutation]
 75569 | Zot:5    | Gained mutation: Your spells are a little easier to cast,
                  | but a little less powerful. [potion of mutation]
 75570 | Zot:5    | Lost mutation: You are agile. (Dex +4, Str/Int -1) [potion
                  | of mutation]
 75570 | Zot:5    | Lost mutation: Your system is resistant to poisons. (rPois)
                  | [potion of mutation]
 75570 | Zot:5    | Lost mutation: Your body sometimes deteriorates upon taking
                  | damage. [potion of mutation]
 75570 | Zot:5    | Gained mutation: You are agile. (Dex +4, Str/Int -1)
                  | [potion of mutation]
 75570 | Zot:5    | Gained mutation: You have a somewhat thin skeletal
                  | structure. (Dex +2, Stealth+) [potion of mutation]
 75571 | Zot:5    | Lost mutation: You are agile. (Dex +4, Str/Int -1) [potion
                  | of mutation]
 75571 | Zot:5    | Lost mutation: You have an increased reservoir of magic.
                  | (+10% MP) [potion of mutation]
 75571 | Zot:5    | Lost mutation: You have a somewhat thin skeletal structure.
                  | (Dex +2, Stealth+) [potion of mutation]
 75571 | Zot:5    | Gained mutation: You have sharp toenails. [potion of
                  | mutation]
 75571 | Zot:5    | Lost mutation: You have sharp toenails. [potion of
                  | mutation]
 75572 | Zot:5    | Lost mutation: You are dopey. (Int -2) [potion of mutation]
 75572 | Zot:5    | Lost mutation: Your spells are a little easier to cast, but
                  | a little less powerful. [potion of mutation]
 75572 | Zot:5    | Gained mutation: You have a somewhat thin skeletal
                  | structure. (Dex +2, Stealth+) [potion of mutation]
 75572 | Zot:5    | Gained mutation: You are partially covered in iridescent
                  | scales. (AC +2) [potion of mutation]
 76032 | Crypt:1  | Entered Level 1 of the Crypt
 77791 | Crypt:3  | Entered Level 3 of the Crypt
 78025 | Crypt:3  | Noticed an ancient lich
 78046 | Crypt:3  | Killed an ancient lich
 78128 | Crypt:3  | Identified the +10 war axe "Idodul" {elec, Dex+2}
 78285 | Crypt:3  | Found a staircase to the Tomb.
 78820 | Crypt:3  | Found a basalt altar of Yredelemnul.
 78820 | Crypt:3  | Found an ancient bone altar of Kikubaaqudgha.
 78878 | Crypt:3  | Identified the +0 ring mail of Impermeability {Dex+3
                  | Slay+3}
 78884 | Crypt:3  | Identified the +7 morningstar "Fixkap" {freeze, Dex+3}
 78933 | Crypt:3  | Identified the ring "Emaetu" {Contam rElec rN+ Str+3 Int+3}
 78933 | Crypt:3  | Identified the ring "Fianoab" {Drain rN+ rCorr Int+5}
 78993 | Crypt:3  | Identified the +4 quarterstaff "Ducem" {heavy, Str+3}
 79070 | Tomb:1   | Entered Level 1 of the Tomb of the Ancients
 79624 | Tomb:1   | Noticed a royal mummy
 79626 | Tomb:1   | Noticed a royal mummy
 79637 | Tomb:1   | Killed a royal mummy
 79638 | Tomb:1   | Noticed a royal mummy
 79639 | Tomb:1   | Killed a royal mummy
 79648 | Tomb:1   | Killed a royal mummy
 79878 | Tomb:1   | Identified the +0 ring mail of Izia {rElec Str+4}
 80084 | Tomb:2   | Noticed a royal mummy
 80084 | Tomb:2   | Noticed a royal mummy
 80093 | Tomb:2   | Noticed a royal mummy
 80093 | Tomb:2   | Noticed a royal mummy
 80109 | Tomb:2   | Killed a royal mummy
 80121 | Tomb:2   | Killed a royal mummy
 80128 | Tomb:2   | HP: 8/226 [??? (6)]
 80150 | Tomb:2   | HP: 10/226 [ushabti/dispel undead (29)]
 80512 | Tomb:3   | Entered Level 3 of the Tomb of the Ancients
 80525 | Tomb:3   | Found the +5 glaive of the Guard {elec, spectral, AC+5}
 80541 | Tomb:3   | Noticed a royal mummy
 80546 | Tomb:3   | Noticed a royal mummy
 80562 | Tomb:3   | Killed a royal mummy
 80603 | Tomb:3   | Noticed a royal mummy
 80604 | Tomb:3   | Gained mutation: You are frail. (-10% HP) [a neqoxec]
 80635 | Tomb:3   | Noticed a royal mummy
 80646 | Tomb:3   | Killed a royal mummy
 80657 | Tomb:3   | Noticed a royal mummy
 80664 | Tomb:3   | Killed a royal mummy
 80673 | Tomb:3   | Killed a royal mummy
 80688 | Tomb:3   | Killed a royal mummy
 80689 | Tomb:3   | Noticed a royal mummy
 80741 | Tomb:3   | Killed a royal mummy
 80759 | Tomb:3   | Noticed a royal mummy
 80762 | Tomb:3   | Noticed a royal mummy
 80773 | Tomb:3   | Killed a royal mummy
 80801 | Tomb:3   | Noticed a royal mummy
 80804 | Tomb:3   | HP: 10/203 [royal mummy/divine providence (11)]
 80806 | Tomb:3   | Found the +8 longbow "Zephyr" {speed, Dex+3 SInv}
 80806 | Tomb:3   | Found the ring of the Mage {Wiz Archmagi}
 81079 | Tomb:3   | Killed a royal mummy
 81119 | Tomb:3   | Killed a royal mummy
 81388 | Tomb:3   | Identified the +1 helmet of Oliuroni {+Blink SInv}
 81390 | Tomb:3   | Identified the +6 ring mail of Zeuxt {Harm Str-4 Slay+5}
 81418 | Tomb:3   | Got the Commentary on Contamination and the Evil Eye
 81423 | Tomb:3   | Identified the amulet of Conformity {Regen+ Dex+2}
 81446 | Tomb:3   | Got the Folio of the Heated Geodesic
 81591 | Tomb:3   | Identified the +0 plate armour "Valoloeps" {Int+5 SInv}
 81683 | Tomb:3   | Got a golden rune of Zot
 81973 | Tomb:2   | Killed a royal mummy
 81981 | Tomb:2   | Killed a royal mummy
 82620 | Tomb:1   | Noticed a royal mummy
 82620 | Tomb:1   | Noticed a royal mummy
 82625 | Tomb:1   | Noticed a royal mummy
 82648 | Tomb:1   | Killed a royal mummy
 82652 | Tomb:1   | Noticed a royal mummy
 82665 | Tomb:1   | Killed a royal mummy
 82671 | Tomb:1   | Killed a royal mummy
 82729 | Tomb:1   | Killed a royal mummy
 82850 | Tomb:1   | Noticed a royal mummy
 82866 | Tomb:1   | Killed a royal mummy
 82918 | Tomb:1   | Noticed a royal mummy
 82929 | Tomb:1   | Killed a royal mummy
 82948 | Tomb:1   | Noticed a royal mummy
 82970 | Tomb:1   | Noticed a royal mummy
 82975 | Tomb:1   | Killed a royal mummy
 82984 | Tomb:1   | Killed a royal mummy
 82991 | Tomb:1   | Noticed a royal mummy
 83000 | Tomb:1   | Killed a royal mummy
 83054 | Tomb:1   | Noticed a royal mummy
 83060 | Tomb:1   | Noticed a royal mummy
 83085 | Tomb:1   | Killed a royal mummy
 83086 | Tomb:1   | Noticed a royal mummy
 83097 | Tomb:1   | Noticed a royal mummy
 83103 | Tomb:1   | Killed a royal mummy
 83105 | Tomb:1   | Noticed a royal mummy
 83106 | Tomb:1   | Killed a royal mummy
 83118 | Tomb:1   | Noticed a royal mummy
 83327 | Tomb:1   | Killed a royal mummy
 83341 | Tomb:1   | Killed a royal mummy
 83394 | Tomb:1   | Killed a royal mummy
 83964 | Depths:3 | Voluntarily entered the Abyss.
 83981 | Abyss:1  | Found a corrupted altar of Lugonu.
 83992 | Abyss:1  | Found a corrupted altar of Lugonu.
 84091 | Abyss:2  | Found a corrupted altar of Lugonu.
 84113 | Abyss:2  | Found a corrupted altar of Lugonu.
 84382 | Abyss:2  | Noticed a dread lich
 84389 | Abyss:2  | Killed a dread lich
 84528 | Abyss:2  | Found a corrupted altar of Lugonu.
 84538 | Abyss:2  | Found a corrupted altar of Lugonu.
 84681 | Abyss:3  | Found a corrupted altar of Lugonu.
 84682 | Abyss:3  | Found a corrupted altar of Lugonu.
 84682 | Abyss:3  | Found a corrupted altar of Lugonu.
 84731 | Abyss:3  | Paralysed by accursed screaming for 1 turns
 85034 | Abyss:3  | Gained mutation: Your body sometimes deteriorates upon
                  | taking damage. [a neqoxec]
 85425 | Abyss:3  | Got an abyssal rune of Zot
 85652 | Abyss:3  | Found a corrupted altar of Lugonu.
 85703 | Abyss:3  | Found a corrupted altar of Lugonu.
 85733 | Depths:3 | Escaped the Abyss
 85763 | Depths:3 | Lost mutation: You have a somewhat thin skeletal structure.
                  | (Dex +2, Stealth+) [potion of mutation]
 85763 | Depths:3 | Lost mutation: You are partially covered in iridescent
                  | scales. (AC +2) [potion of mutation]
 85763 | Depths:3 | Lost mutation: Your body sometimes deteriorates upon taking
                  | damage. [potion of mutation]
 85763 | Depths:3 | Gained mutation: Potions are less effective at restoring
                  | your health. [potion of mutation]
 85763 | Depths:3 | Gained mutation: You are strong-willed. (Will+) [potion of
                  | mutation]
 85764 | Depths:3 | Lost mutation: You are strong-willed. (Will+) [potion of
                  | mutation]
 85764 | Depths:3 | Lost mutation: Potions are less effective at restoring your
                  | health. [potion of mutation]
 85764 | Depths:3 | Lost mutation: You are frail. (-10% HP) [potion of
                  | mutation]
 85764 | Depths:3 | Gained mutation: You occasionally shout uncontrollably at
                  | your foes. [potion of mutation]
 85764 | Depths:3 | Gained mutation: You have hidden genetic potential. [potion
                  | of mutation]
 85765 | Depths:3 | Lost mutation: You have hidden genetic potential. [potion
                  | of mutation]
 85765 | Depths:3 | Lost mutation: You occasionally shout uncontrollably at
                  | your foes. [potion of mutation]
 85765 | Depths:3 | Gained mutation: You have hidden genetic potential. [potion
                  | of mutation]
 85765 | Depths:3 | Gained mutation: You expend magic power (3 MP) to
                  | strengthen your wands. [potion of mutation]
 85765 | Depths:3 | Gained mutation: You are clumsy. (Dex -2) [potion of
                  | mutation]
 85765 | Depths:3 | Gained mutation: You have supernaturally acute eyesight.
                  | (SInv) [potion of mutation]
 85767 | Pan      | Entered Pandemonium
 85827 | Pan      | Noticed Ignacio
 85842 | Pan      | Killed Ignacio
 86109 | Pan      | Noticed Itiatz the pandemonium lord
 86117 | Pan      | Killed Itiatz the pandemonium lord
 86317 | Pan      | Noticed Seowi the pandemonium lord
 86336 | Pan      | Killed Seowi the pandemonium lord
 86444 | Abyss:4  | Found a corrupted altar of Lugonu.
 86444 | Abyss:4  | Cast into level 4 of the Abyss (+1 demon blade of
                  | distortion)
 86450 | Pan      | Escaped the Abyss
 87744 | Pan      | Got a demonic rune of Zot
 88130 | Pan      | Noticed Opey the pandemonium lord
 88205 | Pan      | Killed Opey the pandemonium lord
 88535 | Pan      | Identified the +5 ring mail of Muttered Phrases {rC+ Str+2}
 88664 | Pan      | Paralysed by accursed screaming for 2 turns
 88675 | Pan      | Found a runed translucent door.
 89812 | Pan      | Found an exit through the horrors of the Abyss.
 90045 | Pan      | Gained mutation: Your body sometimes deteriorates upon
                  | taking damage. [a neqoxec]
 90289 | Pan      | Lost mutation: You have hidden genetic potential. [potion
                  | of mutation]
 90289 | Pan      | Lost mutation: You expend magic power (3 MP) to strengthen
                  | your wands. [potion of mutation]
 90289 | Pan      | Lost mutation: Your body sometimes deteriorates upon taking
                  | damage. [potion of mutation]
 90289 | Pan      | Gained mutation: Your spells are a little easier to cast,
                  | but a little less powerful. [potion of mutation]
 90289 | Pan      | Gained mutation: You have a pair of small antennae on your
                  | head. [potion of mutation]
 90290 | Pan      | Lost mutation: You have supernaturally acute eyesight.
                  | (SInv) [potion of mutation]
 90290 | Pan      | Lost mutation: Your spells are a little easier to cast, but
                  | a little less powerful. [potion of mutation]
 90290 | Pan      | Lost mutation: You have a pair of small antennae on your
                  | head. [potion of mutation]
 90290 | Pan      | Gained mutation: You are robust. (+10% HP) [potion of
                  | mutation]
 90290 | Pan      | Gained mutation: Your natural rate of healing is unusually
                  | fast. [potion of mutation]
 91201 | Pan      | Found an exit through the horrors of the Abyss.
 91563 | Pan      | Found a transporter.
 91608 | Pan      | Found an exit through the horrors of the Abyss.
 91611 | Pan      | Found a transporter.
 91611 | Pan      | Found a transporter.
 91635 | Pan      | Identified the amulet "Limpout" {Faith Str-4 Int+4 Stlth+}
 91656 | Pan      | Found a transporter.
 91657 | Pan      | Found a transporter.
 91709 | Pan      | Gained mutation: You are weak. (Str -2) [a cacodemon]
 91761 | Pan      | Entered the realm of Cerebov.
 91800 | Pan      | Found the +6 sword of Cerebov {flame}
 91800 | Pan      | Noticed Cerebov
 91827 | Pan      | Killed Cerebov
 92136 | Pan      | Found an exit through the horrors of the Abyss.
 93283 | Pan      | Identified the +7 triple sword of Guile {distort, rC- Will+
                  | rCorr Int+3}
 93283 | Pan      | Identified the ring "Unurph" {Fly rF- Str-5 Int+6 Stlth+}
 93325 | Pan      | Identified the +5 sling "Grim Tooth" {drain, rElec rF- rN+
                  | Stlth+}
 93350 | Pan      | Got the Meditations on the Entrancing Blizzard
 93504 | Pan      | Got a fiery rune of Zot
 93644 | Pan      | Entered the realm of Lom Lobon.
 93976 | Pan      | Noticed Lom Lobon
 94201 | Pan      | Found an exit through the horrors of the Abyss.
 95014 | Pan      | Learned a level 8 spell: Maxwell's Capacitive Coupling
 95185 | Pan      | Killed Lom Lobon
 95330 | Pan      | Got a magical rune of Zot
 95814 | Pan      | Entered the realm of Gloorx Vloq.
 95922 | Pan      | Found an exit through the horrors of the Abyss.
 96531 | Pan      | Reached skill level 27 in Staves
 97097 | Pan      | Noticed Gloorx Vloq
 97119 | Pan      | Killed Gloorx Vloq
 97262 | Pan      | Identified the amulet "Keici" {Spirit Will+ Stlth+}
 97282 | Pan      | Got a dark rune of Zot
 97360 | Pan      | Entered the realm of Mnoleg.
 97381 | Pan      | Noticed Mnoleg
 97386 | Pan      | Paralysed by a floating eye for 2 turns
 97393 | Pan      | Paralysed by a floating eye for 2 turns
 97445 | Pan      | Identified the +7 hand axe "Kug Wuept" {speed, rPois}
 97512 | Pan      | Found an exit through the horrors of the Abyss.
 97552 | Pan      | Reached skill level 27 in Shields
 97597 | Pan      | Killed Mnoleg
 98581 | Pan      | Got a glowing rune of Zot
 98635 | Pan      | Reached skill level 27 in Short Blades
 98840 | Depths:3 | Escaped Pandemonium
 98901 | Depths:3 | Bought the Volume of the Jinx and Forms for 352 gold pieces
 98901 | Depths:3 | Bought a book of Burglary for 220 gold pieces
 98958 | Depths:4 | Bought a potion of invisibility for 88 gold pieces
 98958 | Depths:4 | Bought a potion of might for 44 gold pieces
 98958 | Depths:4 | Bought 2 potions of cancellation for 176 gold pieces
 98958 | Depths:4 | Bought a potion of curing for 33 gold pieces
 98958 | Depths:4 | Bought a potion of brilliance for 44 gold pieces
 98958 | Depths:4 | Bought a potion of ambrosia for 88 gold pieces
 98961 | Depths:4 | Bought a potion of might for 92 gold pieces
 99252 | Vaults:3 | Bought a potion of heal wounds for 85 gold pieces
 99252 | Vaults:3 | Bought a potion of might for 68 gold pieces
 99252 | Vaults:3 | Bought a potion of heal wounds for 85 gold pieces
 99252 | Vaults:3 | Bought a potion of brilliance for 68 gold pieces
 99569 | Elf:3    | Bought a potion of curing for 45 gold pieces
 99569 | Elf:3    | Bought a potion of resistance for 150 gold pieces
 99569 | Elf:3    | Bought a potion of curing for 45 gold pieces
 99569 | Elf:3    | Bought a potion of curing for 45 gold pieces
 99569 | Elf:3    | Bought a potion of curing for 45 gold pieces
 99569 | Elf:3    | Bought a potion of invisibility for 120 gold pieces
 99569 | Elf:3    | Bought a potion of invisibility for 120 gold pieces
 99569 | Elf:3    | Bought a potion of resistance for 150 gold pieces
 99967 | Shoals:2 | Bought a potion of resistance for 120 gold pieces
 99967 | Shoals:2 | Bought a potion of curing for 36 gold pieces
 99967 | Shoals:2 | Bought a potion of resistance for 120 gold pieces
 99967 | Shoals:2 | Bought a potion of curing for 36 gold pieces
 99967 | Shoals:2 | Bought a potion of curing for 36 gold pieces
 99967 | Shoals:2 | Bought a potion of brilliance for 48 gold pieces
 99967 | Shoals:2 | Bought a potion of brilliance for 48 gold pieces
 99967 | Shoals:2 | Lost mutation: Your natural rate of healing is unusually
                  | fast. [potion of mutation]
 99967 | Shoals:2 | Lost mutation: You are robust. (+10% HP) [potion of
                  | mutation]
 99967 | Shoals:2 | Lost mutation: You are weak. (Str -2) [potion of mutation]
100486 | Zot:2    | Killed Xapeig's ghost
100494 | Zot:2    | Gained mutation: You are occasionally teleported next to
                  | monsters. [mutagenic glow]
100509 | Zot:2    | Gained mutation: You are partially covered in iridescent
                  | scales. (AC +2) [mutagenic glow]
100521 | Zot:2    | Gained mutation: You have hidden genetic defects.
                  | [mutagenic glow]
100688 | Zot:2    | Identified the +0 hat of Tithrosh {rC+}
100695 | Zot:2    | Acquired an Everburning Encyclopedia
100712 | Zot:2    | Learned a level 8 spell: Ignition
100960 | Hell     | Entered the Vestibule of Hell
100960 | Hell     | Noticed Geryon
101097 | Hell     | Noticed an ancient lich
101100 | Hell     | Killed Geryon
101109 | Hell     | Killed an ancient lich
101155 | Hell     | Found a gateway to the decaying netherworld of Tartarus.
101179 | Hell     | Noticed Murray
101201 | Hell     | Killed Murray
101347 | Hell     | Found a gateway to the ashen valley of Gehenna.
101413 | Hell     | Found a gateway to the freezing wastes of Cocytus.
101528 | Hell     | Found a gateway to the Iron City of Dis.
101668 | Tar:1    | Entered Level 1 of Tartarus
102274 | Tar:3    | You fall into a shaft and drop 3 floors!
102529 | Tar:7    | Entered Level 7 of Tartarus
103218 | Tar:7    | Noticed the Serpent of Hell
103242 | Tar:7    | Killed the Serpent of Hell
103429 | Tar:7    | Killed from afar by a Tzitzimitl

Illustrated notes

Levels and vault maps discovered:
D:1:      heliophobic_arrival_glass_houses, layout_basic,
          dreamdust_ecumenical_altar_drowned_temple,
          chequers_serial_rivers_small_a
D:2:      layout_rooms, serial_shops, shop, uniq_natasha
D:3:      layout_basic, grunt_decor_mini_mirrors, roderic_serpentine_path,
          minmay_close_crescents
D:4:      layout_basic, minmay_temple_entry_tees, serial_bayou_pond_c
D:5:      layout_cave_pools, lemuel_round_altar, uniq_pikel
D:6:      layout_basic, minitemple, kennysheep_generic_room_7
D:7:      layout_rooms, grunt_tough_drop
D:8:      layout_gridville, serial_shops, nicolae_take_the_stairs, shop,
          kennysheep_generic_room_10
D:9:      layout_irregular_city, erik_lair_dragon,
          hangedman_decor_diamond_cutter
D:10:     layout_long_grid, gammafunk_ghost_spectres, uniq_fannar, uniq_psyche
D:11:     layout_stronghold, portal_ice_cave_demonic_guard
D:12:     layout_stronghold, david_orc_3, laboratory, uniq_nergalle
D:13:     layout_gridville, skrybe_vaults_entry_preservation, serial_shops,
          shop, grunt_ministairs_14, nicolae_ashenzari_skybound
D:14:     layout_irregular_city, minivault_4, hangedman_decor_push
D:15:     grunt_enter_depths_magical_seal, layout_basic, okawaru_gym_becter,
          uniq_nessos
Temple:   hellmonk_temple_two_chambers
Lair:1:   layout_misc_corridors, lemuel_fruit_fields
Lair:2:   layout_cave_pods, grunt_forest_small_clearing_treed,
          lemuel_fruit_fields
Lair:3:   layout_hall_layers, shoals_dummy_entry, dummy_spider_entry,
          hangedman_lair_generics_rect, infiniplex_staircase_pool
Lair:4:   layout_regular_city, gammafunk_ghost_berserking_beasts,
          lemuel_fruit_tree
Lair:5:   minmay_lair_end_enchanted_forest, layout_cave_pods, slime_entry_2
Shoals:1: layout_shoals, nicolae_shoals_square_sea_wall, uniq_donald
Shoals:2: layout_shoals, nicolae_shoals_c_island, uniq_jorgrun, uniq_ilsuiw
Shoals:3: layout_shoals, serial_shops, shop, serial_nicolae_subway,
          nicolae_sub_station_crystal, nicolae_sub_station_stone,
          nicolae_sub_station_metal
Shoals:4: shoals_end_simple, layout_shoals, nicolae_shoals_wave_tunnel
Spider:1: layout_chambers
Spider:2: layout_cave_pods, drop_trap, spiders_nest_spider_trap, uniq_nikola,
          uniq_frances, uniq_mlioglotl, uniq_louise
Spider:3: layout_spider_delve
Spider:4: grunt_spider_rune_circles
Slime:1:  layout_caves, nicolae_slime_barrier
Slime:2:  layout_caves
Slime:3:  cheibrodos_slime_lost_civilization_2, layout_caves, basic_altar,
          nicolae_slime_phagocytosis
Slime:4:  layout_caves
Slime:5
Orc:1:    layout_diamond_mine, mines2_david, uniq_erica
Orc:2:    grunt_orc_community_town_hall, layout_caves,
          grunt_orc_community_big_house_1, grunt_orc_community_big_house_2,
          grunt_orc_community_house_2, grunt_orc_community_house_3,
          grunt_orc_community_house_2, grunt_orc_community_house_2,
          grunt_orc_community_house_1, uniq_saint_roka
Elf:1:    minmay_elf_arrival_plus, layout_loops_cross, serial_shops,
          bzr_entry_safe, hangedman_elven_crosses_minicolossus, uniq_kirke
Elf:2:    nicolae_elf_blades_splatter_lattice [grunt_blade_entry_basic],
          layout_gridlike, serial_shops, nicolae_shop_behind_doors, basic_altar,
          serial_glass, glass_columns_c, glass_columns_a, glass_columns_c,
          glass_columns_a, glass_columns_b, glass_columns_c, glass_columns_b,
          glass_columns_b, glass_columns_a, glass_columns_a,
          nicolae_elf_archery_training, uniq_roxanne
Elf:3:    grunt_elf_hall_spiral, layout_geoelf_grid, serial_shops, shop
Vaults:1: hangedman_vaults_cutoff, nicolae_vaults_little_ls,
          ontoclasm_vaults_eye, nicolae_vaults_network_barrier,
          vaults_room_corners, nicolae_vaults_alarming, v_rooms_2,
          ontoclasm_vaults_decontamination, layout_vaults_omnigrid
Vaults:2: st_smaller_cells, vaults_dpeg_spiral,
          nicolae_vaults_ring_of_whatevers, hangedman_vaults_stitches,
          nicolae_vaults_back_hallway, v_misc_16, vaults_room_pools,
          grunt_vaults_focal, nicolae_vaults_yaktaur_gun_rack,
          layout_vaults_omnicross, serial_hangedman_research,
          hangedman_research_quantum, hangedman_research_thanatology,
          hangedman_research_geology, uniq_aizul
Vaults:3: mu_enter_wizlab_1, hangedman_vaults_restitches,
          minmay_crypt_entry_simple_round, vaults_room_large_hall,
          nicolae_vaults_little_squares_1, st_greater_box_4,
          vaults_room_octagon, hangedman_vaults_nails, vaults_room_fours,
          vaults_room_semicircle, layout_vaults_chaotic_city,
          nicolae_trove_entry_crystal, serial_shops, shop_statue,
          nicolae_shop_hallway_plus, nicolae_shop_bloodbath_and_beyond,
          uniq_jory
Vaults:4: v_alt_pattern_6, vaults_room_boxed, hangedman_vaults_corner,
          nicolae_vaults_what_the_h, vaults_room_grid,
          nicolae_vaults_network_periphery, nicolae_vaults_little_squares_3,
          ontoclasm_vaults_chip, vaults_mumra_bighexcomb,
          nicolae_vaults_little_squares_5, vaults_room_grid,
          vaults_room_hallway, layout_vaults_maze_snakey, serial_shops,
          nicolae_shop_behind_doors, uniq_frederick, uniq_mennas
Vaults:5: serial_shops, uniq_margery
Crypt:1:  layout_rooms, grunt_crypt_arrival_split, grunt_megastairs_5
Crypt:2:  layout_chaotic_city, library_closet, lemuel_upstairs_altar,
          roderic_lattice_octagonal_star
Crypt:3:  lightli_unholy_cathedral, layout_chaotic_city,
          tomb_entry_simple_bobbens, wad_floor_pattern_untrapped
Tomb:1
Tomb:2
Tomb:3
Depths:1: evilmike_silver_temple, layout_gridlike,
          nicolae_hell_entry_hellmouth_sunbeams, nicolae_vehumet_radiance
Depths:2: nicolae_cairo_tiling_large_dashed, layout_gridlike,
          serial_sigils_hangedman_leer, pf_hell_entry_great_geh,
          rand_demon_pan_entry_9, minmay_staircase_windowed_small
Depths:3: minmay_the_grid_net [minmay_the_grid_minigrid_medium,
          minmay_the_grid_spin_star, minmay_the_grid_small_cups,
          minmay_the_grid_garden, minmay_the_grid_dragon_a,
          minmay_the_grid_prize_shrinking_boxes], layout_cave_shapes,
          minmay_misc_feat_iff, minmay_room_of_horrors, serial_shops,
          kennysheep_little_box, hell_entry, pan_entry
Depths:4: grunt_twist_and_shout, layout_gridville, enter_ziggurat_f,
          nrook_mini_vaults, abyss_entry, hangedman_tar_grid_catacomb,
          grunt_ministairs_1, minmay_shoptagon
Hell
Tar:1:    layout_grid_maze, nicolae_tar_cuneiform_sun
Tar:2:    layout_grid_maze
Tar:3:    nicolae_hells_demon_pit, layout_cathedral_of_symmetry
Tar:6:    layout_grid_maze
Tar:7:    tar_minmay_river
Zot:1:    layout_misc_corridors
Zot:2:    layout_cathedral_of_symmetry, gammafunk_ghost_tricky_traps
Zot:3:    layout_misc_corridors, uniq_tiamat, uniq_vv
Zot:4:    layout_cathedral_of_symmetry, grunt_megastairs_2
Zot:5:    layout_twisted_circle

Skill      XL: |  1  2  3  4  5  6  7  8  9 10 11 12 13 14 15 16 17 18 19 20 21 22 23 24 25 26 27 |
---------------+----------------------------------------------------------------------------------+-----
Maces & Flails | 11 12 13 14 15 16 17 18 19 20 25 | 25.3
Invocations    | 1 2 3 4 5 6 8 9 10 11 12 13 14 15 16 17 18 19 20 25 | 25.5
Short Blades   | 1 2 3 5 6 7 8 9 10 11 12 13 14 15 16 17 18 19 27 | 27.0
Axes           | 1 2 3 5 6 7 8 9 10 11 12 13 14 15 16 17 18 23 | 23.7
Polearms       | 1 2 3 5 6 7 8 9 10 11 12 13 14 15 16 17 18 23 | 23.7
Staves         | 1 2 3 5 6 7 8 9 10 11 12 13 14 15 16 18 19 20 27 | 27.0
Ranged Weapons | 1 2 3 5 6 7 8 9 10 11 12 13 14 15 16 17 18 23 | 23.7
Throwing       | 1 2 3 5 6 7 8 9 10 11 12 13 14 15 16 17 18 23 | 23.7
Armour         | 1 2 3 5 6 7 8 9 10 11 12 13 14 15 16 17 18 23 | 23.7
Dodging        | 1 2 3 5 6 7 8 9 10 11 12 13 14 15 16 17 18 23 | 23.7
Shields        | 1 2 3 5 6 7 8 9 10 11 12 13 14 15 16 17 18 19 27 | 27.0
Unarmed Combat | 1 2 3 5 6 7 8 9 10 11 12 13 14 15 16 17 18 23 | 23.7
Spellcasting   | 1 2 3 5 6 7 8 9 10 11 12 13 14 15 16 17 18 23 | 23.7
Evocations     | 1 2 3 5 6 7 8 9 10 11 12 13 14 15 16 17 18 23 | 23.7
Conjurations   | 1 2 3 4 5 6 7 8 9 10 11 12 13 14 15 20 | 20.3
Hexes          | 1 2 3 4 5 6 7 8 9 10 11 12 13 14 15 20 | 20.3
Summonings     | 1 2 3 4 5 6 7 8 9 10 11 12 13 14 15 20 | 20.3
Necromancy     | 1 2 3 4 5 6 7 8 9 10 11 12 13 14 15 20 | 20.3
Translocations | 1 2 3 4 5 6 7 8 9 10 11 12 13 14 15 20 | 20.3
Transmutations | 1 2 3 4 5 6 7 8 9 10 11 12 13 14 15 20 | 20.3
Fire Magic     | 1 2 3 4 5 6 7 8 9 10 11 12 13 14 15 20 | 20.3
Ice Magic      | 1 2 3 4 5 6 7 8 9 10 11 12 13 14 15 20 | 20.3
Air Magic      | 1 2 3 4 5 6 7 8 9 10 11 12 13 14 15 20 | 20.3
Earth Magic    | 1 2 3 4 5 6 7 8 9 10 11 12 13 14 15 20 | 20.3
Poison Magic   | 1 2 3 4 5 6 7 8 9 10 11 12 13 14 15 20 | 20.3
Stealth        | 3 4 5 6 8 9 10 11 12 13 14 15 16 17 18 23 | 23.8
Fighting       | 5 6 7 9 10 11 12 13 14 15 16 17 18 19 24 | 24.0
Long Blades    | 5 6 7 9 10 11 12 13 14 15 16 17 18 19 24 | 24.0

Action                     |  1- 3 |  4- 6 |  7- 9 | 10-12 | 13-15 | 16-18 | 19-21 | 22-24 | 25-27 || total
---------------------------+-------+-------+-------+-------+-------+-------+-------+-------+-------++-------
  Melee: Mace              |    71 |   145 |   320 |   283 |       |       |       |       |       ||   819
         Bite              |     4 |    16 |    42 |    51 |   105 |   155 |   192 |   143 |   981 ||  1689
         Punch             |     1 |       |       |       |       |       |       |       |       ||     1
         Scimitar          |       |       |       |    73 |   717 |   831 |   615 |       |       ||  2236
         Unarmed           |       |       |       |     2 |       |       |       |       |       ||     2
         Rapier            |       |       |       |       |       |    17 |       |       |       ||    17
         Double sword      |       |       |       |       |       |       |   115 |    66 |   741 ||   922
         Katana            |       |       |       |       |       |       |   542 |  1718 |  6698 ||  8958
  Throw: Dart              |       |       |       |     1 |     2 |       |       |       |       ||     3
   Cast: Freezing Cloud    |       |       |       |    22 |   139 |    91 |    11 |       |       ||   263
         Borgnjor's Vile C |       |       |       |       |    49 |   106 |    21 |     1 |       ||   177
         Summon Mana Viper |       |       |       |       |       |    14 |    12 |       |       ||    26
         Summon Cactus Gia |       |       |       |       |       |    13 |     7 |       |       ||    20
         Summon Forest     |       |       |       |       |       |     3 |     3 |     1 |       ||     7
         Manifold Assault  |       |       |       |       |       |       |    88 |   371 |   466 ||   925
         Statue Form       |       |       |       |       |       |       |     3 |     1 |       ||     4
         Wereblood         |       |       |       |       |       |       |       |     1 |       ||     1
         Necromutation     |       |       |       |       |       |       |       |     4 |   281 ||   285
         Death Channel     |       |       |       |       |       |       |       |       |   222 ||   222
         Maxwell's Capacit |       |       |       |       |       |       |       |       |     8 ||     8
 Invoke: Slouch            |       |       |       |       |     2 |     1 |       |       |       ||     3
         Step From Time    |       |       |       |       |       |     3 |       |     1 |     1 ||     5
Ability: End Transformatio |       |       |       |       |       |       |       |       |     1 ||     1
  Evoke: Wand              |       |       |       |       |       |       |       |       |     1 ||     1
    Use: Scroll            |       |     9 |     4 |    11 |    18 |     3 |    11 |     7 |    20 ||    83
         Potion            |       |     1 |     1 |     3 |     6 |     5 |     2 |     6 |    21 ||    45
   Stab: Sleeping          |     2 |     3 |     5 |     8 |    14 |    19 |    22 |    10 |    21 ||   104
         Distracted        |       |       |       |       |     4 |     5 |     7 |     6 |   136 ||   158
         Invisible         |       |       |       |       |       |     5 |       |       |       ||     5
 Armour: Leather armour    |    13 |    24 |   105 |    50 |    23 |       |       |       |       ||   215
         Robe              |       |       |       |    11 |    46 |    11 |       |       |       ||    68
         Scale mail        |       |       |       |       |       |   102 |    26 |       |       ||   128
         Chain mail        |       |       |       |       |       |       |    92 |    49 |    11 ||   152
         Troll leather arm |       |       |       |       |       |       |       |       |   404 ||   404
  Dodge: Dodged            |    37 |    53 |   145 |   196 |   475 |   716 |   495 |   457 |  5581 ||  8155
         Repelled          |       |       |       |       |     3 |     3 |     8 |     5 |    43 ||    62
  Block: Buckler           |       |    16 |   130 |   232 |   408 |       |       |       |       ||   786
         Reflection        |       |       |     1 |     8 |    46 |    86 |    66 |    46 |    75 ||   328
         Kite shield       |       |       |       |       |   262 |  1396 |  1042 |   851 |  7407 || 10958

Table legend: (Time is in decaauts)
 A = Elapsed time spent in this place.
 B = Non-inter-level travel time spent in this place.
 C = Inter-level travel time spent in this place.
 D = Time resting spent in this place.
 E = Time spent auto-exploring this place.
 F = Levels seen in this place.
 G = Mean time per level.
                   A        B        C        D        E       F      G
               +--------+--------+--------+--------+--------+-----+--------+
         Total | 151257 | 132901 |  18356 |   3104 | 100200 |  88 | 1718.8 |
       Dungeon |  25258 |  19991 |   5267 |    228 |  16101 |  15 | 1683.9 |
        Temple |     25 |     22 |      3 |      0 |     10 |   1 |   25.0 |
          Lair |  14111 |  11614 |   2497 |    164 |   9659 |   5 | 2822.2 |
        Shoals |   7857 |   7169 |    688 |      6 |   5615 |   4 | 1964.2 |
   Spider Nest |  10388 |   9879 |    509 |    320 |   7700 |   4 | 2597.0 |
    Slime Pits |   4073 |   3794 |    279 |    112 |   3174 |   5 |  814.6 |
  Orcish Mines |   5529 |   4694 |    835 |    142 |   3747 |   2 | 2764.5 |
   Elven Halls |   5684 |   5270 |    414 |    538 |   3725 |   3 | 1894.7 |
        Vaults |  20203 |  15907 |   4296 |    455 |  12598 |   5 | 4040.6 |
         Crypt |   4774 |   4292 |    482 |      0 |   3535 |   3 | 1591.3 |
          Tomb |   6032 |   5442 |    590 |    354 |   3321 |   3 | 2010.7 |
        Depths |  10603 |   8977 |   1626 |    209 |   7492 |   4 | 2650.8 |
          Hell |    909 |    877 |     32 |      0 |    613 |   1 |  909.0 |
      Tartarus |   2289 |   2165 |    124 |    111 |   1219 |   5 |  457.8 |
           Zot |  11248 |  10539 |    709 |      0 |   8705 |   5 | 2249.6 |
         Abyss |   2872 |   2872 |      0 |      0 |    551 |   5 |  574.4 |
   Pandemonium |  17983 |  17983 |      0 |    321 |  11566 |  15 | 1198.9 |
        Bazaar |    204 |    204 |      0 |      0 |    162 |   1 |  204.0 |
         Trove |    120 |    120 |      0 |      0 |     10 |   1 |  120.0 |
        Wizlab |   1084 |   1084 |      0 |    144 |    694 |   1 | 1084.0 |
               +--------+--------+--------+--------+--------+-----+--------+

Top non-repeatable levels by time:
Vaults:3: 5070 daAuts
Vaults:1: 4476 daAuts
  Lair:5: 4319 daAuts
   Orc:2: 4096 daAuts
Vaults:5: 3753 daAuts
   Zot:5: 3594 daAuts
Vaults:4: 3524 daAuts
     D:9: 3395 daAuts
Vaults:2: 3379 daAuts
  Lair:2: 3009 daAuts
Spider:2: 3000 daAuts
   Elf:3: 2929 daAuts
    D:15: 2892 daAuts
  Tomb:1: 2877 daAuts
Depths:4: 2829 daAuts
